 Dungeon Crawl Stone Soup version 0.29.1-12-g30fa7ad0bf (webtiles) character file.

Game seed: 914125195128492423

1311541 scionoferis the Slayer (level 27, 240/240 HPs)
             Began as a Merfolk Abyssal Knight on Dec 12, 2022.
             Was the Champion of Lugonu.
             Escaped with the Orb
             ... and 3 runes on Dec 14, 2022!
             The game lasted 07:48:47 (128676 turns).

scionoferis the Slayer (Merfolk Abyssal Knight)   Turns: 128676, Time: 07:48:47

Health: 240/240    AC: 44    Str: 23    XL:     27
Magic:  36/36      EV: 26    Int: 13    God:    Lugonu [******]
Gold:   3171       SH: 22    Dex: 18    Spells: 26/26 levels left

rFire   + + +      SeeInvis .   a - +9 demon trident (distort)
rCold   + + .      Faith    .   p - +1 kite shield {rPois}
rNeg    + . .      Spirit   .   V - +10 pearl dragon scales
rPois   +          Reflect  +   j - +2 hood of the Assassin {Detection Stab+ Stlth++}
rElec   +          Harm     .   E - +1 cloak {Will+}
rCorr   +          Rampage  .   S - +1 pair of gloves
Will    ++++.      Clarity  +   G - +4 pair of boots of Hucs {rF+ Slay+5}
Stlth   +.........              f - amulet "Rolezevi" {Reflect rC+ SH+5}
HPRegen 0.50/turn               J - ring of Xetrit {rF+ rC+ rCorr Int-2 Dex+7}
MPRegen 0.25/turn               I - ring "Ofom" {rElec rF+ Will+ rCorr EV+4}

@: no status effects
A: (nimble swimmer 2), mertail, horns 1, iridescent scales 1, clarity, clever 1,
clumsy 2, subdued magic 1
0: Orb of Zot
}: 3/15 runes: decaying, serpentine, slimy
a: Renounce Religion, Depart the Abyss, Bend Space, Banish, Corrupt, Enter the
Abyss


You escaped.
You worshipped Lugonu.
Lugonu was exalted by your worship.
You visited 11 branches of the dungeon, and saw 52 of its levels.
You visited the Abyss 3 times.
You visited 1 bazaar.
You also visited: Desolation.

You collected 7588 gold pieces.
You spent 4417 gold pieces at shops.


Innate Abilities, Weirdness & Mutations

((You are very nimble when in or above water. (Stealth+, EV+, Speed+++)))
Your lower body shifts to a powerful aquatic tail in water.
You have a pair of small horns on your head.
You are partially covered in iridescent scales. (AC +2)
You possess an exceptional clarity of mind.
Your mind is acute. (Int +4, Str/Dex -1)
You are very clumsy. (Dex -4)
Your spells are a little easier to cast, but a little less powerful.


   Skills:
 + Level 24.5 Fighting
 - Level 20.0 Polearms
 - Level 16.0 Throwing
 + Level 19.0 Armour
 + Level 21.9 Dodging
 - Level 20.0 Shields
 - Level 19.0 Invocations
 - Level 15.0 Evocations


You had 26 spell levels left.
You didn't know any spells.
Your spell library contained the following spells:

 Spells                   Type           Power      Damage    Failure   Level
 Apportation              Tloc           0%         N/A       61%         1
 Foxfire                  Conj/Fire      0%         2x1d4     61%         1
 Freeze                   Ice            0%         1d3       61%         1
 Magic Dart               Conj           0%         1d3       61%         1
 Necrotise                Necr           0%         1d4       61%         1
 Sandblast                Erth           0%         2d4       61%         1
 Shock                    Conj/Air       0%         1d3       61%         1
 Sting                    Tmut/Pois      0%         1d3       61%         1
 Blink                    Tloc           0%         N/A       75%         2
 Call Imp                 Summ           0%         N/A       75%         2
 Passwall                 Tmut/Erth      0%         N/A       75%         2
 Poisonous Vapours        Pois/Air       0%         N/A       75%         2
 Static Discharge         Conj/Air       0%         3-3/arc   75%         2
 Sublimation of Blood     Necr           0%         N/A       75%         2
 Wereblood                Tmut           0%         N/A       75%         2
 Conjure Flame            Conj/Fire      0%         6-21      93%         3
 Dazzling Flash           Conj/Hex       0%         N/A       93%         3
 Frozen Ramparts          Ice            0%         1d1       93%         3
 Ignite Poison            Fire/Tmut/Pois 0%         N/A       93%         3
 Inner Flame              Hex/Fire       0%         N/A       93%         3
 Lesser Beckoning         Tloc           0%         N/A       93%         3
 Mephitic Cloud           Conj/Pois/Air  0%         N/A       93%         3
 Portal Projectile        Hex/Tloc       0%         N/A       93%         3
 Stone Arrow              Conj/Erth      0%         3d7       93%         3
 Swiftness                Air            0%         N/A       93%         3
 Vampiric Draining        Necr           0%         2d6       93%         3
 Airstrike                Air            0%         2d(0-16)  100%        4
 Animate Armour           Summ/Erth      0%         N/A       100%        4
 Cause Fear               Hex            0%         N/A       100%        4
 Corpse Rot               Necr/Pois/Air  0%         N/A       100%        4
 Dispel Undead            Necr           0%         3d6       100%        4
 Flame Wave               Conj/Fire      0%         2d4       100%        4
 Hailstorm                Conj/Ice       0%         3d3       100%        4
 Ice Form                 Ice/Tmut       0%         N/A       100%        4
 Iskenderun's Mystic Bla  Conj/Tloc      0%         2d3       100%        4
 Leda's Liquefaction      Hex/Erth       0%         N/A       100%        4
 Olgreb's Toxic Radiance  Pois           0%         N/A       100%        4
 Sticky Flame             Conj/Fire      0%         2d3       100%        4
 Summon Ice Beast         Ice/Summ       0%         N/A       100%        4
 Summon Lightning Spire   Summ/Air       0%         N/A       100%        4
 Agony                    Necr           0%         N/A       100%        5
 Borgnjor's Vile Clutch   Necr/Erth      0%         N/A       100%        5
 Freezing Cloud           Conj/Ice/Air   0%         6-21      100%        5
 Lee's Rapid Deconstruct  Erth           0%         3d5*      100%        5
 Manifold Assault         Tloc           0%         N/A       100%        5
 Metabolic Englaciation   Hex/Ice        0%         N/A       100%        5
 Silence                  Hex/Air        0%         N/A       100%        5
 Summon Forest            Summ/Tloc      0%         N/A       100%        5
 Summon Mana Viper        Hex/Summ       0%         N/A       100%        5
 Yara's Violent Unravell  Hex/Tmut       0%         3d3       100%        5
 Death Channel            Necr           0%         N/A       100%        6
 Dispersal                Tloc           0%         N/A       100%        6
 Eringya's Noxious Bog    Tmut/Pois      0%         N/A       100%        6
 Iron Shot                Conj/Erth      0%         9d1       100%        6
 Simulacrum               Ice/Necr       0%         N/A       100%        6
 Starburst                Conj/Fire      0%         6d3       100%        6
 Statue Form              Tmut/Erth      0%         N/A       100%        6
 Summon Cactus Giant      Summ           0%         N/A       100%        6
 Dragon Form              Tmut           0%         N/A       100%        7
 Malign Gateway           Summ/Tloc      0%         N/A       100%        7
 Ozocubu's Refrigeration  Ice            0%         4d7       100%        7
 Storm Form               Tmut/Air       0%         N/A       100%        7
 Summon Hydra             Summ           0%         N/A       100%        7
 Discord                  Hex            0%         N/A       100%        8
 Disjunction              Tloc           0%         N/A       100%        8
 Ignition                 Fire           0%         3d3       100%        8
 Lehudib's Crystal Spear  Conj/Erth      0%         10d2      100%        8
 Maxwell's Capacitive Co  Air            0%         ∞         100%        8
 Summon Horrible Things   Summ           0%         N/A       100%        8
 Chain Lightning          Conj/Air       0%         N/A       100%        9

Inventory:

Hand Weapons
 a - a +9 demon trident of distortion (weapon)
   (You took it off a hell knight on level 4 of the Depths)
 b - a +4 trident of flaming
   (You took it off a salamander on level 1 of the Snake Pit)
Missiles
 n - 14 javelins
 s - 9 silver javelins
 t - 2 throwing nets
 y - 14 boomerangs (quivered)
 R - 5 curare-tipped darts
Armour
 j - the +2 hood of the Assassin (worn) {Detection Stab+ Stlth++}
   (You found it on level 5 of the Pits of Slime)

   It allows the wearer to sense nearby creatures.
   It allows the wearer to make particularly effective stabbing attacks against
   helpless or unaware enemies with any weapon.
   Stlth:     It makes you much more stealthy.
 p - a +1 kite shield of poison resistance (worn)
   (You took it off a vault warden on level 2 of the Vaults)
 q - +0 gold dragon scales
   (You found it on level 2 of the Realm of Zot)
 E - a +1 cloak of willpower (worn)
   (You took it off a draconian shifter on level 2 of the Realm of Zot)
 G - the +4 pair of boots of Hucs (worn) {rF+ Slay+5}
   (You found it on level 5 of the Pits of Slime)

   Slay:      It affects your accuracy & damage with ranged weapons and melee
   (+5).
   rF:        It protects you from fire.
 S - a +1 pair of gloves (worn)
   (You found it on level 2 of the Vaults)
 V - +10 pearl dragon scales (worn)
   (You found it on level 2 of the Snake Pit)
Jewellery
 f - the amulet "Rolezevi" (around neck) {Reflect rC+ SH+5}
   (You found it on level 3 of the Elven Halls)

   [amulet of reflection]

   It reflects blocked missile attacks.
   rC:        It protects you from cold.
   SH:        It affects your SH (+5).
 v - a ring of ice
   (You took it off a purple draconian on level 4 of the Realm of Zot)
 H - a ring of willpower
   (You found it on level 4 of the Lair of Beasts)
 I - the ring "Ofom" (right hand) {rElec rF+ Will+ rCorr EV+4}
   (You bought it in a shop on level 2 of the Elven Halls)

   [ring of evasion]

   EV:        It affects your evasion (+4).
   rF:        It protects you from fire.
   rElec:     It insulates you from electricity.
   rCorr:     It protects you from acid and corrosion.
   Will:      It increases your willpower.
 J - the ring of Xetrit (left hand) {rF+ rC+ rCorr Int-2 Dex+7}
   (You found it on level 5 of the Pits of Slime)

   [ring of protection from fire]

   Int:       It affects your intelligence (-2).
   Dex:       It affects your dexterity (+7).
   rF:        It protects you from fire.
   rC:        It protects you from cold.
   rCorr:     It protects you from acid and corrosion.
 P - a +6 ring of intelligence
   (You found it on level 5 of the Realm of Zot)
 Q - a ring of see invisible
   (You found it on level 9 of the Dungeon)
Wands
 c - a wand of mindburst (34)
   (You found it on level 2 of the Abyss)
 i - a wand of roots (15)
   (You found it on level 1 of the Depths)
 A - a wand of acid (14)
   (You found it on level 6 of the Dungeon)
 L - a wand of digging (9)
   (You found it on level 2 of the Swamp)
 W - a wand of paralysis (52)
   (You found it on level 1 of the Swamp)
Scrolls
 h - 15 scrolls of teleportation
 o - 2 scrolls of silence
 w - 7 scrolls of fear
 D - 5 scrolls of blinking
 F - 3 scrolls of noise
 M - 5 scrolls of butterflies
 N - 2 scrolls of vulnerability
 O - 6 scrolls of summoning
 U - 6 scrolls of poison
Potions
 e - 22 potions of curing
 k - 2 potions of berserk rage
 l - 4 potions of flight
 m - 4 potions of mutation
 u - 5 potions of haste
 x - 7 potions of heal wounds
 z - 5 potions of resistance
 K - 5 potions of invisibility
 T - a potion of brilliance
 Z - 7 potions of might
Miscellaneous
 d - a phantom mirror
   (You found it in the Desolation of Salt)
 g - the horn of Geryon
   (You took it off Geryon in the Vestibule of Hell)
 r - a box of beasts
   (You found it on level 3 of the Elven Halls)
 B - a condenser vane
   (You found it on level 3 of the Snake Pit)
 C - a phial of floods
   (You found it on level 3 of the Depths)
 X - a tin of tremorstones (2/2)
   (You found it on level 2 of the Elven Halls)

Dungeon Overview and Level Annotations

Branches:
Dungeon (15/15)            Temple (0/1) D:6            Lair (5/5) D:11
  Swamp (4/4) Lair:2        Snake (4/4) Lair:2        Slime (5/5) Lair:4
    Orc (2/2) D:10            Elf (3/3) Orc:2        Vaults (4/5) D:13
  Crypt (0/3) Vaults:2     Depths (4/4) D:15           Hell (visited)
    Dis (0/7) Hell            Geh (0/7) Hell            Tar (0/7) Hell
    Zot (5/5) Depths:4    Desolation (visited)
    Coc: Hell:1

Altars:
Dithmenos
Elyvilon
Gozag
Hepliaklqana
Kikubaaqudgha
Nemelex Xobeh
Okawaru
Vehumet
Wu Jian
Yredelemnul
Zin
Jiyva
Lugonu

Shops:
D:7 **   Orc:1 !   Orc:2 (?[!   Elf:2 :==   Elf:3 !   Snake:1 (   Snake:3 [
Vaults:2 =   Vaults:3 :   Vaults:4 ***   Depths:3 ![*   Depths:4 !

Portals:
Hell: Depths:1 Depths:2 Depths:3 Depths:4
Abyss: Lair:5 Depths:1 Depths:2 Depths:3 Depths:4
Pandemonium: Depths:2 Depths:4
Ziggurat: Depths:3

Annotations:
Slime:5 corrupted
Elf:1 8 runed translucent doors
Elf:2 5 runed translucent doors
Vaults:2 3 runed translucent doors, Eldin's ghost, veteran DEHW; Faydane's ghost, veteran HuFi; MackTheFife's ghost, veteran HOGl; garrulousMonolith's ghost, veteran GnFi
Vaults:3 2 transporters, corrupted
Vaults:5 ! DANGER
Hell exclusion: 2 ice statues
Zot:5 4 transporters, corrupted
Abyss:1 Aizul; Azrael; Bai Suzhen; Donald; Grunn; Jorgrun; Josephine; Royal Jelly; Snorg; tkbsonic5's ghost, novice FoEE

##.###...........####.
######...##.######.##.# #.
#......#........##.##.# ##
#.####...##..##.##.##.#####
#.#................##.#....
#.#..##♣♣♣.♣♣♣##......#.###
#.#..# ♣⌠♣ #..###.#.#
#.#..♣♣♣♣♣.♣♣♣♣♣..# #.#.#
#.†.....⌠.@.⌠.....# #.#.#
#.#..♣♣♣♣♣.♣♣♣♣♣..# #.#^#
#....# ♣⌠♣ #..###.#.#
#....##♣♣♣.♣♣♣##......#.#
##................###...#
##...#.#.....##### #####
##.##.#.##### ##.##....#
##...####.#


There were no monsters in sight!


Message History

You feel frail.
Really quaff the potion of mutation?
You feel extremely strange.
You feel slightly disoriented.
You no longer feel a malignance within.
You feel robust.
Iridescent scales grow over part of your body.
Your thoughts seem clearer.
Unknown command.
Unknown command.
You see here a moth of wrath corpse.
You start resting.
HP restored.
You see here a moth of wrath corpse.
An Orb Guardian comes into view.
You reach to attack!
You hit the Orb Guardian.
The Orb Guardian is lightly wounded.
The Orb Guardian blinks!
The Orb Guardian closely misses you.
You impale the Orb Guardian!! You headbutt the Orb Guardian!
The Orb Guardian is heavily wounded.
The Orb Guardian blinks!
You reach to attack!
You puncture the Orb Guardian!
The Orb Guardian is heavily wounded.
The Orb Guardian blinks!
You impale the Orb Guardian!!
Space warps around the Orb Guardian.
You headbutt the Orb Guardian.
The Orb Guardian is almost dead.
You block the Orb Guardian's attack.
You hit the Orb Guardian.
You kill the Orb Guardian!
Lugonu accepts your kill.
Found a scroll of teleportation.
h - 15 scrolls of teleportation (gained 1)
An ancient lich comes into view.
The ancient lich shouts!
You reach to attack!
You puncture the ancient lich!
The ancient lich is lightly damaged.
The ancient lich blinks!
The ancient lich enters a dispersal trap!
You blink.
The ancient lich blinks!
You puncture the ancient lich!
The ancient lich is moderately damaged.
The ancient lich blinks!
The ancient lich casts a spell at you. The bolt of acid hits you!! You resist.
You reach to attack!
You puncture the ancient lich!
The ancient lich is devoured by a tear in reality.
Lugonu claims a new guest.
You start resting.
A shadow dragon comes into view.
You start waiting.
A shadow dragon is nearby!
You impale the shadow dragon!!
The shadow dragon is lightly wounded.
The shadow dragon blinks!
The shadow dragon breathes negative energy at you.
The bolt of negative energy hits you but does no damage.
You partially resist.
You reach to attack!
You hit the shadow dragon.
Space warps horribly around the shadow dragon.
The shadow dragon is moderately wounded.
You puncture the shadow dragon!
The shadow dragon is devoured by a tear in reality.
Lugonu claims a new guest.
Found a scroll of immolation.
An orb of fire comes into view.
Throw: 14 boomerangs
Press: ? - help, Q - select action, (/) - cycle Shift-Dir - straight line, f - orb of fire
Aim: an orb of fire (60% to hit)
You throw a boomerang.
The boomerang barely misses the orb of fire.
Unknown command.
Throw: 14 boomerangs
Press: ? - help, Q - select action, (/) - cycle Shift-Dir - straight line, f/p - orb of fire
Aim: an orb of fire (60% to hit)
You throw a boomerang.
The boomerang completely misses the orb of fire.
Unknown command.
Throw: 14 boomerangs
Press: ? - help, Q - select action, (/) - cycle Shift-Dir - straight line, f/p - orb of fire
Aim: an orb of fire (60% to hit)
You throw a boomerang.
The boomerang hits the orb of fire but does no damage.
Unknown command.
You reach to attack!
You hit the orb of fire but do no damage.
Throw: 10 javelins (silver)
Press: ? - help, Q - select action, (/) - cycle Shift-Dir - straight line, f/p - orb of fire
Aim: an orb of fire (60% to hit, chaotic)
You throw a silver javelin.
The silver javelin pierces through the orb of fire!!
The silver sears the orb of fire!
The orb of fire is lightly damaged.
The orb of fire glows deep purple.
The fireball explodes!
The fireball engulfs you!! You resist.
The fireball engulfs the orb of fire.
The orb of fire completely resists.
Throw: 9 javelins (silver)
Press: ? - help, Q - select action, (/) - cycle Shift-Dir - straight line, f/p - orb of fire
Aim: an orb of fire (lightly damaged, 60% to hit, chaotic)
You throw a silver javelin.
The silver javelin pierces through the orb of fire!!
The silver sears the orb of fire!
The orb of fire is heavily damaged.
The orb of fire emits a lurid red light.
The bolt of fire misses you.
The orb of fire glows red.
The bolt of fire misses you.
Throw: 8 javelins (silver)
Press: ? - help, Q - select action, (/) - cycle Shift-Dir - straight line, f/p - orb of fire
Aim: an orb of fire (heavily damaged, 60% to hit, chaotic)
You throw a silver javelin.
The silver javelin pierces through the orb of fire but does no damage.
The silver sears the orb of fire!
The orb of fire is heavily damaged.
The orb of fire glows red.
The fireball explodes!
The fireball engulfs you. You resist.
The fireball engulfs the orb of fire.
The orb of fire completely resists.
Throw: 7 javelins (silver)
Press: ? - help, Q - select action, (/) - cycle Shift-Dir - straight line, f/p - orb of fire
Aim: an orb of fire (heavily damaged, 60% to hit, chaotic)
You throw a silver javelin.
The silver javelin pierces through the orb of fire!!!
The silver sears the orb of fire!
The orb of fire is almost destroyed.
Throw: 6 javelins (silver)
Press: ? - help, Q - select action, (/) - cycle Shift-Dir - straight line, f/p - orb of fire
Aim: an orb of fire (almost destroyed, 60% to hit, chaotic)
You throw a silver javelin.
The silver javelin barely misses the orb of fire.
The orb of fire glows bright magenta.
The bolt of fire misses you.
Throw: 5 javelins (silver)
Press: ? - help, Q - select action, (/) - cycle Shift-Dir - straight line, f/p - orb of fire
Aim: an orb of fire (almost destroyed, 60% to hit, chaotic)
You throw a silver javelin.
The silver javelin misses the orb of fire.
Unknown command.
Throw: 4 javelins (silver)
Press: ? - help, Q - select action, (/) - cycle Shift-Dir - straight line, f/p - orb of fire
Aim: an orb of fire (almost destroyed, 60% to hit, chaotic)
You throw a silver javelin.
The silver javelin pierces through the orb of fire but does no damage.
The silver sears the orb of fire!
The orb of fire is almost destroyed.
The orb of fire glows deep purple.
The bolt of fire misses you.
Throw: 3 javelins (silver)
Press: ? - help, Q - select action, (/) - cycle Shift-Dir - straight line, f/p - orb of fire
Aim: an orb of fire (almost destroyed, 60% to hit, chaotic)
You throw a silver javelin.
The silver javelin closely misses the orb of fire.
The orb of fire glows yellow.
Strange energies course through your body.
You feel clumsy.
You puncture the orb of fire!
Space warps horribly around the orb of fire!
You destroy the orb of fire!
Lugonu accepts your kill.
s - 9 silver javelins (gained 7)
You start resting.
HP restored.
Found a longbow.
You reach to attack!
You barely miss the Orb Guardian. You impale the Orb Guardian!!
You headbutt the Orb Guardian.
The Orb Guardian is moderately wounded.
You block the Orb Guardian's attack.
An Orb Guardian comes into view.
You closely miss the Orb Guardian.
You headbutt the Orb Guardian, but do no damage.
The Orb Guardian is moderately wounded.
The Orb Guardian misses you.
The Orb Guardian attacks as you move away!
You block the Orb Guardian's attack.
You impale the Orb Guardian!! Your headbutt misses the Orb Guardian.
The Orb Guardian is heavily wounded.
The Orb Guardian blinks!
You impale the Orb Guardian!!
The Orb Guardian is almost dead.
The Orb Guardian closely misses you.
You hit the Orb Guardian.
Space warps around the Orb Guardian.
The Orb Guardian is almost dead.
The Orb Guardian hits you but does no damage.
You impale the Orb Guardian!!
You kill the Orb Guardian!
Lugonu accepts your kill.
You reach to attack!
You barely miss the Orb Guardian.
You reach to attack!
You closely miss the Orb Guardian. You impale the Orb Guardian!!
Space warps around the Orb Guardian.
You headbutt the Orb Guardian!
The Orb Guardian is heavily wounded.
You block the Orb Guardian's attack.
You hit the Orb Guardian.
The Orb Guardian is heavily wounded.
The Orb Guardian blinks!
You reach to attack!
You spit the Orb Guardian like a pig!!!
You kill the Orb Guardian!
Lugonu accepts your kill.
Found a spear.
Found 16 gold pieces.
An Orb Guardian comes into view.
You puncture the Orb Guardian!
Space warps around the Orb Guardian.
The Orb Guardian is moderately wounded.
You block the Orb Guardian's attack.
You impale the Orb Guardian!!
The Orb Guardian is heavily wounded.
The Orb Guardian blinks!
An Orb Guardian comes into view.
You reach to attack!
You impale the Orb Guardian!!
Space warps around the Orb Guardian.
The Orb Guardian is severely wounded.
You puncture the Orb Guardian!
Space warps around the Orb Guardian.
You headbutt the Orb Guardian.
You kill the Orb Guardian!
Lugonu accepts your kill.
You see here a +0 longbow.
You now have 3111 gold pieces (gained 16).
You reach to attack!
You miss the Orb Guardian. You impale the Orb Guardian!!
You headbutt the Orb Guardian, but do no damage.
The Orb Guardian is moderately wounded.
The Orb Guardian blinks!
You reach to attack!
You completely miss the Orb Guardian.
The Orb Guardian is moderately wounded.
An Orb Guardian comes into view.
You hit the Orb Guardian but do no damage.
You headbutt the Orb Guardian, but do no damage.
The Orb Guardian is moderately wounded.
The Orb Guardian blinks!
You reach to attack!
You puncture the Orb Guardian!
The Orb Guardian is heavily wounded.
You hit the Orb Guardian. You headbutt the Orb Guardian!
The Orb Guardian is heavily wounded.
The Orb Guardian hits you but does no damage.
You completely miss the Orb Guardian.
You headbutt the Orb Guardian, but do no damage.
The Orb Guardian is heavily wounded.
The Orb Guardian closely misses you.
You puncture the Orb Guardian!
The Orb Guardian is severely wounded.
The Orb Guardian closely misses you.
You impale the Orb Guardian!!
Space warps around the Orb Guardian.
The Orb Guardian is almost dead.
You block the Orb Guardian's attack.
You impale the Orb Guardian!!
You kill the Orb Guardian!
Lugonu accepts your kill. The Orb Guardian hits you!!
You hit the Orb Guardian.
Space warps horribly around the Orb Guardian!
Your headbutt misses the Orb Guardian.
The Orb Guardian is lightly wounded.
You barely miss the Orb Guardian. You headbutt the Orb Guardian!
The Orb Guardian is moderately wounded.
You block the Orb Guardian's attack.
You puncture the Orb Guardian!
Space warps horribly around the Orb Guardian!
You headbutt the Orb Guardian!
The Orb Guardian is severely wounded.
The Orb Guardian hits you but does no damage.
You hit the Orb Guardian but do no damage.
Space warps around the Orb Guardian.
The Orb Guardian is severely wounded.
You block the Orb Guardian's attack.
You puncture the Orb Guardian!
Space warps around the Orb Guardian.
You kill the Orb Guardian!
Lugonu accepts your kill.
You start resting.
An Orb Guardian comes into view.
You reach to attack!
You puncture the Orb Guardian!
Space warps horribly around the Orb Guardian!
The Orb Guardian is moderately wounded.
You closely miss the Orb Guardian.
The Orb Guardian is moderately wounded.
You block the Orb Guardian's attack.
You hit the Orb Guardian.
Space warps around the Orb Guardian.
You headbutt the Orb Guardian, but do no damage.
The Orb Guardian is moderately wounded.
You block the Orb Guardian's attack.
You miss the Orb Guardian.
You headbutt the Orb Guardian, but do no damage.
The Orb Guardian is moderately wounded.
You block the Orb Guardian's attack.
You barely miss the Orb Guardian.
The Orb Guardian is moderately wounded.
The Orb Guardian closely misses you.
You impale the Orb Guardian!! You headbutt the Orb Guardian!
The Orb Guardian is severely wounded.
The Orb Guardian blinks!
You hit the Orb Guardian but do no damage.
Space warps around the Orb Guardian.
You headbutt the Orb Guardian, but do no damage.
The Orb Guardian is severely wounded.
You hit the Orb Guardian but do no damage.
Space warps around the Orb Guardian.
You headbutt the Orb Guardian, but do no damage.
The Orb Guardian is severely wounded.
The Orb Guardian misses you.
You impale the Orb Guardian!! Your headbutt misses the Orb Guardian.
The Orb Guardian is almost dead.
The Orb Guardian hits you but does no damage.
You barely miss the Orb Guardian.
You headbutt the Orb Guardian, but do no damage.
The Orb Guardian is almost dead.
You block the Orb Guardian's attack.
You puncture the Orb Guardian!
You kill the Orb Guardian!
Lugonu accepts your kill.
You start resting.
An ancient lich comes into view.
The ancient lich shouts!
Throw: 14 boomerangs
Press: ? - help, Q - select action, (/) - cycle Shift-Dir - straight line, f - ancient lich
Aim: an ancient lich (78% to hit)
You throw a boomerang. The boomerang hits the ancient lich!
The ancient lich is lightly damaged.
Unknown command.
Throw: 14 boomerangs
Press: ? - help, Q - select action, (/) - cycle Shift-Dir - straight line, f/p - ancient lich
Aim: an ancient lich (lightly damaged, 78% to hit)
You throw a boomerang. The boomerang hits the ancient lich!!
The ancient lich is moderately damaged.
Unknown command.
You hit the ancient lich but do no damage.
You headbutt the ancient lich, but do no damage.
The ancient lich is moderately damaged.
The ancient lich blinks!
Throw: 14 boomerangs
Press: ? - help, Q - select action, (/) - cycle Shift-Dir - straight line, f/p - ancient lich
Aim: an ancient lich (moderately damaged, 78% to hit)
You throw a boomerang. The boomerang hits the ancient lich!
The ancient lich is moderately damaged.
Unknown command.
Throw: 14 boomerangs
Press: ? - help, Q - select action, (/) - cycle Shift-Dir - straight line, f/p - ancient lich
Aim: an ancient lich (moderately damaged, 78% to hit)
You throw a boomerang. The boomerang hits the ancient lich!
The ancient lich is heavily damaged.
Unknown command.
Throw: 14 boomerangs
Press: ? - help, Q - select action, (/) - cycle Shift-Dir - straight line, f/p - ancient lich
Aim: an ancient lich (heavily damaged, 78% to hit)
You throw a boomerang.
The boomerang hits the ancient lich but does no damage.
The ancient lich is heavily damaged.
Throw: 14 boomerangs
Press: ? - help, Q - select action, (/) - cycle Shift-Dir - straight line, f/p - ancient lich
Aim: an ancient lich (heavily damaged, 78% to hit)
You throw a boomerang.
The boomerang completely misses the ancient lich.
Unknown command.
Throw: 14 boomerangs
Press: ? - help, Q - select action, (/) - cycle Shift-Dir - straight line, f/p - ancient lich
Aim: an ancient lich (heavily damaged, 78% to hit)
You throw a boomerang. The boomerang hits the ancient lich.
The ancient lich is heavily damaged.
Unknown command.
Throw: 14 boomerangs
Press: ? - help, Q - select action, (/) - cycle Shift-Dir - straight line, f/p - ancient lich
Aim: an ancient lich (heavily damaged, 78% to hit)
You throw a boomerang.
The boomerang hits the ancient lich but does no damage.
The ancient lich is heavily damaged.
You reach to attack!
You hit the ancient lich but do no damage.
Space warps horribly around the ancient lich!!
The ancient lich is severely damaged.
You skewer the ancient lich like a kebab!!!
Space warps horribly around the ancient lich!
You destroy the ancient lich!
Lugonu accepts your kill.
You start resting.
HP restored.
Found the Orb of Zot.
An Orb Guardian comes into view.
Throw: 14 boomerangs
Press: ? - help, Q - select action, (/) - cycle Shift-Dir - straight line, f - Orb Guardian
Aim: an Orb Guardian (wandering, hasn't noticed you, 73% to hit)
You throw a boomerang. The boomerang hits the Orb Guardian!
The Orb Guardian is moderately wounded.
Unknown command.
The Orb Guardian attacks as you move away!
You block the Orb Guardian's attack.
You impale the Orb Guardian!! Your headbutt misses the Orb Guardian.
The Orb Guardian is heavily wounded.
The Orb Guardian blinks!
Throw: 14 boomerangs
Press: ? - help, Q - select action, (/) - cycle Shift-Dir - straight line, f/p - Orb Guardian
Aim: an Orb Guardian (heavily wounded, 73% to hit)
You throw a boomerang. The boomerang hits the Orb Guardian!!!
You kill the Orb Guardian!
Lugonu accepts your kill.
An Orb Guardian comes into view.
Found a potion of haste.
Throw: 14 boomerangs
Press: ? - help, Q - select action, (/) - cycle Shift-Dir - straight line, f - Orb Guardian
Aim: an Orb Guardian (wandering, hasn't noticed you, 73% to hit)
You throw a boomerang.
The boomerang hits the Orb Guardian but does no damage.
Unknown command.
You reach to attack!
You impale the Orb Guardian!!
Space warps around the Orb Guardian.
The Orb Guardian is moderately wounded.
You completely miss the Orb Guardian.
The Orb Guardian is moderately wounded.
You puncture the Orb Guardian!
Space warps around the Orb Guardian.
The Orb Guardian is heavily wounded.
You block the Orb Guardian's attack.
You impale the Orb Guardian!!
You kill the Orb Guardian!
Lugonu accepts your kill.
Found a +6 ring of intelligence.
Found 35 gold pieces.
u - 7 potions of haste (gained 1)
P - a +6 ring of intelligence
Found 25 gold pieces.
Found a robe.
You now have 3146 gold pieces (gained 35).
Found a book of Decay.
Found a scroll of butterflies.
You now have 3171 gold pieces (gained 25).
Throw: 14 boomerangs
Press: ? - help, Q - select action, (/) - cycle Shift-Dir - straight line, f - Orb Guardian
Aim: an Orb Guardian (73% to hit)
You throw a boomerang.
The boomerang closely misses the Orb Guardian.
Unknown command.
Throw: 14 boomerangs
Press: ? - help, Q - select action, (/) - cycle Shift-Dir - straight line, f/p - Orb Guardian
Aim: an Orb Guardian (73% to hit)
You throw a boomerang.
The boomerang hits the Orb Guardian but does no damage.
Unknown command.
Throw: 14 boomerangs
Press: ? - help, Q - select action, (/) - cycle Shift-Dir - straight line, f/p - Orb Guardian
Aim: an Orb Guardian (73% to hit)
You throw a boomerang. The boomerang hits the Orb Guardian!!
The Orb Guardian is heavily wounded.
Unknown command.
You reach to attack!
You hit the Orb Guardian.
Space warps horribly around the Orb Guardian!
The Orb Guardian is severely wounded.
You impale the Orb Guardian!!
You kill the Orb Guardian!
Lugonu accepts your kill.
No target in view!
Found a potion of curing.
Throw: 14 boomerangs
Press: ? - help, Q - select action, (/) - cycle Shift-Dir - straight line, f - Orb Guardian
Aim: an Orb Guardian (wandering, hasn't noticed you, 73% to hit)
You throw a boomerang. The boomerang hits the Orb Guardian!
The Orb Guardian is lightly wounded.
Unknown command.
Throw: 14 boomerangs
Press: ? - help, Q - select action, (/) - cycle Shift-Dir - straight line, f/p - Orb Guardian
Aim: an Orb Guardian (lightly wounded, 73% to hit)
You throw a boomerang.
The boomerang barely misses the Orb Guardian.
Unknown command.
Throw: 14 boomerangs
Press: ? - help, Q - select action, (/) - cycle Shift-Dir - straight line, f/p - Orb Guardian
Aim: an Orb Guardian (lightly wounded, 73% to hit)
You throw a boomerang. The boomerang hits the Orb Guardian!
The Orb Guardian is moderately wounded.
Unknown command.
Throw: 14 boomerangs
Press: ? - help, Q - select action, (/) - cycle Shift-Dir - straight line, f/p - Orb Guardian
Aim: an Orb Guardian (moderately wounded, 73% to hit)
You throw a boomerang. The boomerang hits the Orb Guardian!!!
The Orb Guardian is severely wounded.
Unknown command.
You reach to attack!
You miss the Orb Guardian.
The Orb Guardian is severely wounded.
You stick the Orb Guardian like a pincushion!!!
You kill the Orb Guardian!
Lugonu accepts your kill.
M - 5 scrolls of butterflies (gained 1)
e - 20 potions of curing (gained 1)
Found a scroll of immolation.
Found 2 potions of curing.
You see here a scroll of immolation.
Found a potion of brilliance.
e - 22 potions of curing (gained 2)
T - a potion of brilliance You see here the Orb of Zot.
You see here a +0 trident.
You see here a +8 club of freezing.
You see here a +9 club.
You see here quicksilver dragon scales.
Things that are here:
a +0 dire flail; a +2 cloak; a +0 long sword You see here a +9 vorpal club.
You see here a +12 club.
Partly explored, unvisited transporter.
What are your orders? t - Shout!
Orders for allies: a - Attack new target. r - Retreat! s - Stop attacking. g - Guard the area. f - Follow me.
Anything else - Cancel.
You shout for attention!
What are your orders? t - Shout!
Orders for allies: a - Attack new target. r - Retreat! s - Stop attacking. g - Guard the area. f - Follow me.
Anything else - Cancel.
You shout for attention!
What are your orders? t - Shout!
Orders for allies: a - Attack new target. r - Retreat! s - Stop attacking. g - Guard the area. f - Follow me.
Anything else - Cancel.
You shout for attention!
What are your orders? t - Shout!
Orders for allies: a - Attack new target. r - Retreat! s - Stop attacking. g - Guard the area. f - Follow me.
Anything else - Cancel.
You shout for attention!
What are your orders? t - Shout!
Orders for allies: a - Attack new target. r - Retreat! s - Stop attacking. g - Guard the area. f - Follow me.
Anything else - Cancel.
You shout for attention!
What are your orders? t - Shout!
Orders for allies: a - Attack new target. r - Retreat! s - Stop attacking. g - Guard the area. f - Follow me.
Anything else - Cancel.
You shout for attention!
Items here: ))) [.
You see here a +0 halberd.
Really walk onto that alarm trap?
You set off the alarm!
The alarm trap emits a blaring wail!
A sentinel's mark forms upon you.
You start waiting.
The sentinel's mark upon you fades away.
You see here the Orb of Zot.
You feel yourself speed up.
You pick up the Orb of Zot!
The Orb lets out a hideous shriek!
The lords of Pandemonium are not amused.
Beware!
Now all you have to do is get back out of the dungeon!
Really walk into that permanent teleport trap?
You enter a permanent teleport trap!
Your surroundings suddenly seem different.
(D) Dungeon (T) Temple (L) Lair (S) Swamp (P) Snake Pit (M) Slime Pits (O) Orcish Mines (E) Elven Halls (V) Vaults (C) Crypt (U) Depths (H) Hell (I) Dis (G) Gehenna (Y) Tartarus (Z) Zot
Where to? (Enter - Zot:5 @ (x,y), ? - help)
What level of the Dungeon? (default 15, ? - help)
You see here a +8 club of freezing.
You see here a +0 scimitar.
You sense a monster nearby.
A golden eye comes into view.
The golden eye blinks at you. You resist with almost no effort.
A golden eye comes into view.
You reach to attack!
The golden eye turns its gaze towards you.
You puncture the golden eye!
The golden eye is almost dead.
The golden eye blinks!
A golden eye comes into view.
The golden eye blinks at you. You resist with almost no effort.
The golden eye turns its gaze towards you.
The golden eye blinks!
The golden eye blinks at you. You resist with almost no effort.
A golden eye comes into view.
The golden eye turns its gaze towards you. x2
The golden eye blinks at you. You resist with almost no effort.
The golden eye blinks at you. You resist with almost no effort.
The golden eye turns its gaze towards you.
The golden eye blinks at you. You resist with almost no effort.
The golden eye blinks at you. You resist with almost no effort.
The golden eye turns its gaze towards you.
The golden eye blinks at you. You resist with almost no effort.
The golden eye turns its gaze towards you.
The golden eye blinks at you. You resist with almost no effort.
The golden eye blinks at you. You resist with almost no effort.
The golden eye blinks at you. You resist with almost no effort.
The golden eye blinks at you. You resist with almost no effort.
The golden eye turns its gaze towards you.
The golden eye blinks at you. You resist with almost no effort.
The golden eye blinks at you. You resist with almost no effort.
The golden eye blinks! x2
An Orb Guardian comes into view.
The golden eye turns its gaze towards you.
The golden eye blinks at you. You resist with almost no effort.
The golden eye blinks at you. You resist with almost no effort.
The golden eye blinks at you. You resist with almost no effort.
The golden eye blinks!
The golden eye turns its gaze towards you.
The golden eye blinks at you. You resist with almost no effort.
The golden eye blinks!
The golden eye turns its gaze towards you.
The golden eye blinks at you. You resist with almost no effort.
The golden eye blinks at you. You resist with almost no effort.
The golden eye blinks at you. You resist with almost no effort.
The golden eye blinks!
The golden eye turns its gaze towards you.
The golden eye blinks!
The golden eye blinks at you. You resist with almost no effort.
You see here a +9 club.
The golden eye blinks at you. You resist with almost no effort.
The golden eye blinks at you. You resist with almost no effort.
The golden eye blinks at you. You resist with almost no effort.
You see here quicksilver dragon scales.
There is a stone staircase leading up, spattered with blood here.
The golden eye blinks at you. You resist with almost no effort.
You climb upwards.
There is a stone staircase leading down, spattered with blood here.
(D) Dungeon (T) Temple (L) Lair (S) Swamp (P) Snake Pit (M) Slime Pits (O) Orcish Mines (E) Elven Halls (V) Vaults (C) Crypt (U) Depths (H) Hell (I) Dis (G) Gehenna (Y) Tartarus (Z) Zot
Where to? (Enter - D:1 @ (x,y), ? - help)
What level of the Dungeon? (default 15, ? - help)
Your extra speed is starting to run out.
You feel yourself slow down.
A neqoxec comes into view.
There is a stone staircase leading up here.
You climb upwards.
There is a stone staircase leading down, spattered with blood here.
(D) Dungeon (T) Temple (L) Lair (S) Swamp (P) Snake Pit (M) Slime Pits (O) Orcish Mines (E) Elven Halls (V) Vaults (C) Crypt (U) Depths (H) Hell (I) Dis (G) Gehenna (Y) Tartarus (Z) Zot
Where to? (Enter - D:1 @ (x,y), ? - help)
What level of the Dungeon? (default 15, ? - help)
There is an open door here.
There is an open door here.
You open the door.
There is an open door here.
There is a stone staircase leading up here.
You sense a monster nearby.
You climb upwards.
There is a stone staircase leading down here.
(D) Dungeon (T) Temple (L) Lair (S) Swamp (P) Snake Pit (M) Slime Pits (O) Orcish Mines (E) Elven Halls (V) Vaults (C) Crypt (U) Depths (H) Hell (I) Dis (G) Gehenna (Y) Tartarus (Z) Zot
Where to? (Enter - D:1 @ (x,y), ? - help)
What level of the Dungeon? (default 15, ? - help)
There is an open door here.
There is an open door, spattered with blood here.
There is an open door here.
You sense a monster nearby.
You see here a +0 flail.
There is a stone staircase leading up here.
You climb upwards.
There is a stone staircase leading down here.
(D) Dungeon (T) Temple (L) Lair (S) Swamp (P) Snake Pit (M) Slime Pits (O) Orcish Mines (E) Elven Halls (V) Vaults (C) Crypt (U) Depths (H) Hell (I) Dis (G) Gehenna (Y) Tartarus (Z) Zot
Where to? (Enter - D:1 @ (x,y), ? - help)
What level of the Dungeon? (default 15, ? - help)
Things that are here:
a +0 cloak; a +0 long sword You sense a monster nearby.
There is a gate leading back out of this place here.
You go up through the gate.
Welcome back to the Depths!
There is a gate to the Realm of Zot here.
(D) Dungeon (T) Temple (L) Lair (S) Swamp (P) Snake Pit (M) Slime Pits (O) Orcish Mines (E) Elven Halls (V) Vaults (C) Crypt (U) Depths (H) Hell (I) Dis (G) Gehenna (Y) Tartarus (Z) Zot
Where to? (Enter - D:1 @ (x,y), ? - help)
What level of the Dungeon? (default 15, ? - help)
There is an open door here.
There is a stone staircase leading up, spattered with blood here.
You climb upwards.
There is a stone staircase leading down, spattered with blood here.
A Tzitzimitl comes into view.
Blink to where?
Press: ? - help, Dir - move target
As you read the scroll of blinking, it crumbles to dust.
The Tzitzimitl moves out of view.
There is a stone staircase leading up, spattered with blood here.
You climb upwards.
There is a stone staircase leading down, spattered with blood here.
(D) Dungeon (T) Temple (L) Lair (S) Swamp (P) Snake Pit (M) Slime Pits (O) Orcish Mines (E) Elven Halls (V) Vaults (C) Crypt (U) Depths (H) Hell (I) Dis (G) Gehenna (Y) Tartarus (Z) Zot
Where to? (Enter - D:15, ? - help)
What level of the Dungeon? (default 15, ? - help)
There is a stone staircase leading up, spattered with blood here.
You climb upwards.
There is a stone staircase leading down here.
A sixfirhy comes into view.
You block the sixfirhy's attack. The sixfirhy hits you.
The sixfirhy shocks you. You resist. You block the sixfirhy's attack.
The sixfirhy misses you.
An Uhic and a crimson imp come into view.
The sixfirhy attacks as you move away! You block the sixfirhy's attack.
The crimson imp shouts!
There is a broken door, spattered with blood here.
You block the sixfirhy's attack. The sixfirhy misses you.
You block the sixfirhy's attack. The sixfirhy misses you.
There is a staircase back to the Dungeon, spattered with blood here.
You climb upwards.
Welcome back to the Dungeon!
There is a staircase to the Depths, spattered with blood here.
(D) Dungeon (T) Temple (L) Lair (S) Swamp (P) Snake Pit (M) Slime Pits (O) Orcish Mines (E) Elven Halls (V) Vaults (C) Crypt (U) Depths (H) Hell (I) Dis (G) Gehenna (Y) Tartarus (Z) Zot
Where to? (Enter - D:1 @ (x,y), ? - help)
What level of the Dungeon? (default 1, ? - help) HP restored.
Items here: !!! ===== ??? [.
Things that are here:
the +1 cloak of Starlight {*Dazzle EV+4 Stlth--}; the +9 plate armour of the Demonic God {rElec rN+++ Dex-3} You see here a +0 troll leather armour.
There is an open door here.
You see here 3 stones.
There is a stone staircase leading up here.
You climb upwards.
There is a stone staircase leading down here.
A hell beast comes into view.
There is a stone staircase leading up, spattered with blood here.
You puncture the hell beast!
Space warps around the hell beast.
The hell beast is lightly wounded.
You puncture the hell beast!
Space warps around the hell beast.
You headbutt the hell beast.
The hell beast is heavily wounded.
You block the hell beast's attack.
The hell beast tramples you but does no damage.
You impale the hell beast!!
The hell beast is severely wounded.
You block the hell beast's attack.
The hell beast tramples you but does no damage.
You hit the hell beast. You headbutt the hell beast!
The hell beast is almost dead.
The hell beast blinks!
You climb upwards.
There is a stone staircase leading down here.
(D) Dungeon (T) Temple (L) Lair (S) Swamp (P) Snake Pit (M) Slime Pits (O) Orcish Mines (E) Elven Halls (V) Vaults (C) Crypt (U) Depths (H) Hell (I) Dis (G) Gehenna (Y) Tartarus (Z) Zot
Where to? (Enter - D:1 @ (x,y), ? - help)
What level of the Dungeon? (default 1, ? - help)
There is a stone staircase leading up here.
You climb upwards.
There is a stone staircase leading down, spattered with blood here.
There is an escape hatch in the ceiling here.
A mysterious force pulls you upwards. The hatch slams shut behind you.
There is a stone staircase leading up, spattered with blood here.
Things that are here:
a +0 robe; a +2 dagger of venom You climb upwards.
There is a stone staircase leading down here.
An Executioner comes into view.
You puncture the Executioner!
The Executioner is lightly wounded.
You block the Executioner's attack.
The Executioner hits you but does no damage.
You block the Executioner's attack.
You closely miss the Executioner.
You headbutt the Executioner, but do no damage.
The Executioner is lightly wounded.
The Executioner gestures.
The Executioner seems to speed up.
You puncture the Executioner!
Space warps around the Executioner.
You headbutt the Executioner, but do no damage.
The Executioner is moderately wounded.
You block the Executioner's attack. x2; The Executioner barely misses you.
The Executioner completely misses you.
The Executioner hits you but does no damage.
You block the Executioner's attack.
You closely miss the Executioner.
The Executioner is moderately wounded.
The Executioner hits you! You block the Executioner's attack. x2
The Executioner completely misses you. x2; You block the Executioner's attack.
The Executioner hits you but does no damage.
The Executioner completely misses you. You block the Executioner's attack.
You puncture the Executioner!
Space warps around the Executioner.
Your headbutt misses the Executioner.
The Executioner is heavily wounded.
You block the Executioner's attack. x3
You closely miss the Executioner. You headbutt the Executioner.
The Executioner is severely wounded.
You block the Executioner's attack.
The Executioner hits you but does no damage.
You block the Executioner's attack.
The Executioner hits you but does no damage. x3
You closely miss the Executioner.
The Executioner is severely wounded.
The Executioner barely misses you. You block the Executioner's attack.
The Executioner hits you but does no damage. x2
The Executioner barely misses you.
The Executioner hits you but does no damage.
The Executioner hits you. x2; The Executioner closely misses you.
You impale the Executioner!!
You kill the Executioner!
Lugonu accepts your kill.
Your Armour skill increases to level 19!
(D) Dungeon (T) Temple (L) Lair (S) Swamp (P) Snake Pit (M) Slime Pits (O) Orcish Mines (E) Elven Halls (V) Vaults (C) Crypt (U) Depths (H) Hell (I) Dis (G) Gehenna (Y) Tartarus (Z) Zot
Where to? (Enter - D:1 @ (x,y), ? - help)
What level of the Dungeon? (default 1, ? - help)
A tormentor comes into view.
The tormentor moves out of view.
You feel yourself speed up.
Ofos comes into view.
Ofos growls, "Scamper home whilst thou may!"
Ofos gestures.
Lightning arcs from Ofos's claws!
There is a stone staircase leading up here.
You climb upwards.
There is a stone staircase leading down here.
(D) Dungeon (T) Temple (L) Lair (S) Swamp (P) Snake Pit (M) Slime Pits (O) Orcish Mines (E) Elven Halls (V) Vaults (C) Crypt (U) Depths (H) Hell (I) Dis (G) Gehenna (Y) Tartarus (Z) Zot
Where to? (Enter - D:1 @ (x,y), ? - help)
What level of the Dungeon? (default 1, ? - help)
There is an open door here.
A sixfirhy comes into view.
You barely miss the sixfirhy. You block the sixfirhy's attack. x2
You miss the sixfirhy. Your headbutt misses the sixfirhy.
The sixfirhy hits you but does no damage.
You block the sixfirhy's attack.
You impale the sixfirhy!! You headbutt the sixfirhy.
You kill the sixfirhy!
Lugonu accepts your kill.
There is a stone staircase leading up here.
You climb upwards.
There is a stone staircase leading down here.
(D) Dungeon (T) Temple (L) Lair (S) Swamp (P) Snake Pit (M) Slime Pits (O) Orcish Mines (E) Elven Halls (V) Vaults (C) Crypt (U) Depths (H) Hell (I) Dis (G) Gehenna (Y) Tartarus (Z) Zot
Where to? (Enter - D:1 @ (x,y), ? - help)
What level of the Dungeon? (default 1, ? - help)
You see here a +0 quarterstaff.
You see here 4 stones.
Your extra speed is starting to run out.
You feel yourself slow down.
HP restored.
There is an open door, spattered with blood here.
Things that are here:
a +0 giant club; a +0 giant club You sense a monster nearby.
A hellephant comes into view.
You reach to attack!
You impale the hellephant!!
The hellephant is lightly wounded.
The hellephant blinks!
The hellephant blinks!
Things that are here:
a +0 robe; a +2 spear The hellephant blinks!
An Executioner comes into view.
The Executioner moves out of view.
The Executioner gestures.
The Executioner seems to speed up.
You block the Executioner's attack. x3; The Executioner completely misses you.
The Executioner hits you but does no damage.
The Executioner misses you.
The Executioner hits you but does no damage.
The Executioner completely misses you. x2
You barely miss the Executioner. You block the Executioner's attack.
The Executioner closely misses you. The Executioner completely misses you.
You block the Executioner's attack. The Executioner completely misses you.
The Executioner barely misses you.
You impale the Executioner!!
Space warps around the Executioner.
You headbutt the Executioner.
The Executioner is heavily wounded.
The Executioner hits you but does no damage.
You block the Executioner's attack. x2
You puncture the Executioner!
Space warps around the Executioner.
The Executioner is severely wounded.
You block the Executioner's attack.
The Executioner hits you but does no damage. x4
You block the Executioner's attack.
You impale the Executioner!!
You kill the Executioner!
Lugonu accepts your kill.
A hell beast comes into view.
You block the hell beast's attack. The hell beast barely misses you.
You barely miss the hell beast. Your headbutt misses the hell beast.
The hell beast barely misses you. You block the hell beast's attack.
You impale the hell beast!!
Space warps around the hell beast.
The hell beast is moderately wounded.
The hell beast misses you. You block the hell beast's attack.
You closely miss the hell beast.
The hell beast is moderately wounded.
The hell beast barely misses you. You block the hell beast's attack.
You spit the hell beast like a pig!!!
The hell beast is almost dead.
The hell beast blinks!
You impale the hell beast!!
You kill the hell beast!
Lugonu accepts your kill.
There is a stone staircase leading up here.
You climb upwards.
There is a stone staircase leading down here.
(D) Dungeon (T) Temple (L) Lair (S) Swamp (P) Snake Pit (M) Slime Pits (O) Orcish Mines (E) Elven Halls (V) Vaults (C) Crypt (U) Depths (H) Hell (I) Dis (G) Gehenna (Y) Tartarus (Z) Zot
Where to? (Enter - D:1 @ (x,y), ? - help)
What level of the Dungeon? (default 1, ? - help)
There is an open door here.
There is a stone staircase leading up here.
You climb upwards.
There is a stone staircase leading down here.
There is a stone staircase leading up here.
You climb upwards.
There is a stone staircase leading down here.
An Orb Guardian comes into view.
You reach to attack!
You stick the Orb Guardian like a pincushion!!!
The Orb Guardian is heavily wounded.
The Orb Guardian blinks!
You reach to attack!
You puncture the Orb Guardian!
The Orb Guardian is severely wounded.
You hit the Orb Guardian.
Space warps horribly around the Orb Guardian!!
The Orb Guardian is almost dead.
The Orb Guardian hits you but does no damage.
You closely miss the Orb Guardian. You headbutt the Orb Guardian.
You kill the Orb Guardian!
Lugonu accepts your kill.
(D) Dungeon (T) Temple (L) Lair (S) Swamp (P) Snake Pit (M) Slime Pits (O) Orcish Mines (E) Elven Halls (V) Vaults (C) Crypt (U) Depths (H) Hell (I) Dis (G) Gehenna (Y) Tartarus (Z) Zot
Where to? (Enter - D:1 @ (x,y), ? - help)
What level of the Dungeon? (default 1, ? - help)
There is a stone staircase leading up here.
You climb upwards.
There is a stone staircase leading down here.
There is a stone staircase leading up here.
You climb upwards.
There is a stone staircase leading down here.
A toenail golem comes into view.
There is a stone staircase leading up here.
You climb upwards.
There is a stone staircase leading down here.
(D) Dungeon (T) Temple (L) Lair (S) Swamp (P) Snake Pit (M) Slime Pits (O) Orcish Mines (E) Elven Halls (V) Vaults (C) Crypt (U) Depths (H) Hell (I) Dis (G) Gehenna (Y) Tartarus (Z) Zot
Where to? (Enter - D:1 @ (x,y), ? - help)
What level of the Dungeon? (default 1, ? - help)
There is an open door here.
You see here 3 stones.
There is a stone staircase leading up here.
You climb upwards.
There is a stone staircase leading down here.
A chaos spawn comes into view.
The chaos spawn hisses angrily.
You reach to attack!
You impale the chaos spawn!!
Space warps around the chaos spawn.
You kill the chaos spawn!
Lugonu accepts your kill.
The chaos spawn degenerates into a cloud of primal chaos!
(D) Dungeon (T) Temple (L) Lair (S) Swamp (P) Snake Pit (M) Slime Pits (O) Orcish Mines (E) Elven Halls (V) Vaults (C) Crypt (U) Depths (H) Hell (I) Dis (G) Gehenna (Y) Tartarus (Z) Zot
Where to? (Enter - D:1 @ (x,y), ? - help)
Okay, then.
There is a fountain of clear blue water here.
There is a staircase leading out of the dungeon here.
You have escaped!

Skill      XL: |  1  2  3  4  5  6  7  8  9 10 11 12 13 14 15 16 17 18 19 20 21 22 23 24 25 26 27 |
---------------+----------------------------------------------------------------------------------+-----
Polearms       | 3 4 5 7 8 9 11 12 13 14 15 16 17 18 19 20 | 20.0
Fighting       | 4 5 6 7 8 9 10 11 12 13 14 15 17 18 19 20 21 22 24 | 24.5
Invocations    | 3 4 5 6 7 9 10 12 13 15 16 17 18 19 | 19.0
Dodging        | 3 5 6 8 9 11 12 13 14 15 16 17 18 21 | 21.9
Armour         | 1 2 3 4 5 6 7 8 10 11 12 13 14 15 16 17 19 | 19.0
Evocations     | 2 3 5 6 7 8 9 10 11 12 13 14 15 | 15.0
Shields        | 2 5 6 7 8 9 10 11 12 13 15 16 18 20 | 20.0
Throwing       | 2 4 5 7 8 10 11 13 14 15 16 | 16.0

Action                   |  1- 3 |  4- 6 |  7- 9 | 10-12 | 13-15 | 16-18 | 19-21 | 22-24 | 25-27 || total
-------------------------+-------+-------+-------+-------+-------+-------+-------+-------+-------++-------
Melee: Spear             |   103 |   306 |   414 |  1048 |       |       |       |       |       ||  1871
       Punch             |     1 |     2 |     3 |       |       |       |       |       |       ||     6
       Tailslap          |       |     1 |       |       |    18 |    26 |     1 |       |     1 ||    47
       Halberd           |       |       |    41 |    26 |       |       |       |       |       ||    67
       Trident           |       |       |       |    47 |  1676 |  1937 |  2637 |  3314 |  1438 || 11049
       Glaive            |       |       |       |       |    78 |       |       |       |       ||    78
       Headbutt          |       |       |       |       |       |       |       |       |   588 ||   588
       Demon trident     |       |       |       |       |       |       |       |       |  1293 ||  1293
Throw: Javelin           |     1 |       |    11 |    15 |     7 |       |     1 |     4 |    50 ||    89
       Dart              |       |       |       |    20 |    21 |    14 |       |       |       ||    55
       Boomerang         |       |       |       |       |    95 |   108 |    25 |    11 |    60 ||   299
Invok: Banish            |       |       |     3 |       |     2 |    19 |    23 |       |     2 ||    49
       Bend Space        |       |       |       |       |       |     2 |     1 |     6 |    11 ||    20
       Depart the Abyss  |       |       |       |       |       |       |     2 |       |       ||     2
       Corrupt           |       |       |       |       |       |       |       |     1 |     2 ||     3
       Brand Weapon With |       |       |       |       |       |       |       |       |     1 ||     1
 Abil: Evoke Blink       |       |       |       |     2 |     3 |       |       |       |       ||     5
Evoke: Wand              |       |     1 |    10 |    36 |       |     9 |     5 |     5 |     4 ||    70
       Condenser vane    |       |       |       |       |       |       |     2 |     3 |       ||     5
       Tin of tremorston |       |       |       |       |       |       |     2 |       |     2 ||     4
       Phantom mirror    |       |       |       |       |       |       |       |     2 |       ||     2
       Box of beasts     |       |       |       |       |       |       |       |     1 |       ||     1
       Horn of Geryon    |       |       |       |       |       |       |       |       |     1 ||     1
  Use: Potion            |     4 |     1 |       |     1 |     2 |     3 |     9 |     1 |    18 ||    39
       Scroll            |       |       |     4 |     5 |    12 |    12 |     7 |     4 |    36 ||    80
 Stab: Invisible         |     3 |       |       |       |       |       |    17 |    48 |     6 ||    74
       Sleeping          |     2 |     1 |       |       |       |     1 |       |       |     1 ||     5
       Paralysed         |       |     9 |    15 |    26 |       |    16 |       |     3 |     5 ||    74
       Distracted        |       |       |       |       |       |       |       |     3 |     1 ||     4
Armor: Leather armour    |    16 |    11 |       |       |       |       |       |       |       ||    27
       Plate armour      |       |    13 |       |       |    77 |       |   672 |   840 |   408 ||  2010
       Chain mail        |       |    49 |   127 |   126 |   220 |       |       |       |       ||   522
       Acid dragon scale |       |       |       |     2 |       |       |       |       |       ||     2
       Scale mail        |       |       |       |    26 |       |       |       |       |       ||    26
       Skin              |       |       |       |       |    12 |       |       |       |       ||    12
       Swamp dragon scal |       |       |       |       |    19 |   236 |    23 |       |       ||   278
       Pearl dragon scal |       |       |       |       |       |       |       |       |   209 ||   209
Dodge: Dodged            |    38 |    84 |   137 |   212 |   382 |   567 |   770 |  1309 |  1122 ||  4621
Block: Other             |       |     2 |       |     6 |     9 |       |       |       |       ||    17
       Buckler           |       |       |     9 |   274 |   430 |   671 |   890 |       |       ||  2274
       Reflection        |       |       |     1 |     8 |     9 |    79 |    80 |   137 |    34 ||   348
       Kite shield       |       |       |       |       |       |       |    18 |  1889 |  1777 ||  3684

Levels and vault maps discovered:
D:1:      scummos_arrival_forest, layout_loops_ring, minmay_distorted
D:2:      layout_basic
D:3:      layout_basic, mainiacjoe_overflow_chevrons,
          dilly_ecumenical_altar_fadedgnrine, serial_bayou_lake_a
D:4:      layout_loops_ring, lemuel_doored_altar, uniq_eustachio, uniq_ijyb
D:5:      layout_cave_pools, nzn_hepliaklqana_mist_gate,
          chequers_serial_rivers_large_a
D:6:      layout_cave_pools, minmay_temple_entry_glassed_door
D:7:      layout_gridville, dk_yredelemnul_ordeal,
          ebering_ghost_reflecting_pool, serial_demonic, serial_demonic_c,
          serial_demonic_d, serial_demonic_c, serial_demonic_d,
          nicolae_specific_store, sigmund_army, uniq_maggie
D:8:      layout_basic, mainiacjoe_overflow_boulevard
D:9:      layout_loops_corners
D:10:     layout_basic, kennysheep_mini, orc_0_dummy, hangedman_minor_magic
D:11:     layout_loops_ring, lair_entry_dummy, uniq_urug
D:12:     layout_stronghold
D:13:     layout_loops_ring, lightli_vaults_fourway_checkpoint, uniq_josephine,
          uniq_rupert, uniq_jorgrun
D:14:     layout_small_grid, uniq_snorg
D:15:     gammafunk_enter_depths_forms, layout_loops_ring, serial_park_gazebo
          [serial_park_minivault_5x5_5], chequers_serial_rivers_small_b,
          uniq_azrael, uniq_agnes
Lair:1:   layout_chaotic_city, gammafunk_ghost_hydra_chop, serial_bayou_shore_b,
          serial_bayou_shore_b
Lair:2:   layout_hall_layers, minmay_swamp_entry_worms,
          guppyfry_snake_entry_island, grunt_megastairs_4
Lair:3:   layout_hall_layers, infiniplex_staircase_pool_2
Lair:4:   layout_gridlike, slime_entry_1, serial_bayou, serial_bayou_lagoon_a,
          serial_bayou_pond_b, serial_bayou_pond_b, serial_bayou_pond_c,
          serial_bayou_pond_c, serial_bayou_pond_c
Lair:5:   hellmonk_lair_end_abyssal_woods, layout_cave_pods
Swamp:1:  nicolae_swamp_flooded_prison, layout_basic_swamp,
          hangedman_swamp_diagram
Swamp:2:  layout_basic_swamp, hangedman_swamp_pad, swamp_pool1
Swamp:3:  nzn_winding_woodlands_three_and_one
          [nzn_winding_woodlands_5x15_jagged,
          nzn_winding_woodlands_5x15_split_checker,
          nzn_winding_woodlands_5x15_parted,
          nzn_winding_woodlands_center_garden], layout_falls_marsh,
          evilmike_swamp_ruin_house_5, uniq_bai_suzhen
Swamp:4:  swamp_basic_johnstein, layout_basic_swamp, infiniplex_staircase_pool
Snake:1:  layout_misc_corridors, serial_shops,
          nicolae_shop_bloodbath_and_beyond, uniq_kirke
Snake:2:  layout_rooms, uniq_aizul
Snake:3:  gammafunk_its_a_trap, layout_grid_maze, serial_shops, shop
Snake:4:  snake_pit_salamanders_mu, layout_cave_town
Slime:1:  layout_caves
Slime:2:  layout_caves, nicolae_slime_welcoming_committee
Slime:3:  layout_caves
Slime:4:  layout_caves
Slime:5
Orc:1:    layout_caves, serial_shops, shop_statue
Orc:2:    st_orc_town, layout_diamond_mine
Elf:1:    nicolae_elf_arrival_fired_up, layout_loops_cross,
          minmay_elf_annihilation, nicolae_elf_double_double_double_trouble
Elf:2:    elven_hall_of_blades_hangedman_alternative [nicolae_blade_bullseye],
          layout_gridlike, abandoned_shop, nicolae_elf_deep_mausoleum,
          minmay_shop_grove
Elf:3:    elf_hall_gauntlet_wide, layout_loops_cross, serial_shops, shop,
          lemuel_flamethrower_2, uniq_donald
Vaults:1: portal_desolation_entry_twin_temple, vaults_mumra_minichess_inversion,
          v_misc_33, nicolae_vaults_diagonal_hallway_8, st_diamondy,
          vaults_standard_mumra_x, vaults_mumra_minichess, ontoclasm_vaults_eye,
          hangedman_vaults_maws, v_misc_17, vaults_room_pools,
          vaults_room_pools, vaults_mumra_chevron, layout_vaults_big_cross
Vaults:2: gammafunk_ghost_cemetery, nicolae_vaults_minivaults, v_misc_32,
          minmay_crypt_entry_simple_statues, nicolae_vaults_border_crossing,
          grunt_vaults_focal, vaults_mumra_hex, nicolae_vaults_specimen_jars,
          layout_vaults_maze_bifur, serial_shops, shop
Vaults:3: gammafunk_dig_for_victory, nicolae_vaults_asterisk,
          grunt_vaults_trifunnel, nicolae_vaults_ninety_degrees, v_misc_9,
          nicolae_vaults_three_branches, nicolae_vaults_arrows,
          vaults_room_fours, vaults_room_octagon, ontoclasm_vaults_tryst,
          layout_vaults_omnibox, serial_shops, shop
Vaults:4: v_rooms_1, kennysheep_vaults_gozag_temple, v_misc_31,
          ontoclasm_vaults_twist, vaults_room_octagon, hangedman_vaults_stagger,
          nicolae_vaults_little_squares_4, v_misc_8, v_misc_10,
          hangedman_vaults_capsules, nicolae_vaults_gold_heap, vaults_dpeg_ring,
          layout_vaults_chaotic_city
Depths:1: layout_basic, vehumet_crystals, hellmouth_2, abyss_entry,
          st_stairs_11, grunt_dithmenos_smoke_and_mirrors
Depths:2: cheibrodos_tormentor_scu, layout_basic, rand_demon_pan_entry_8,
          minmay_room_of_horrors, pf_hell_entry_tar_river, uniq_sojobo,
          uniq_josephina
Depths:3: grated_community_mu [grated_community_mu_vampire_home,
          grated_community_mu_giant_home, grated_community_mu_spellcaster_home,
          grated_community_mu_orcish_home, grated_community_mu_troll_home,
          grated_community_mu_taur_home, grated_community_mu_unbuilt_plot],
          layout_cave_shapes, enter_ziggurat_e, special_room
          [special_room_mythical_zoo], hell_entry, nemelex_lonely_heart_becter,
          hangedman_abyss_entry_splay, eino_curves_04
Depths:4: evilmike_zot_entry_diamond, layout_cave_pools, serial_shops,
          statue_bzr, shop, abyss_entry_glasseish, hell_entry,
          kennysheep_crisscross, grunt_pan_entry_spiral,
          chequers_serial_rivers_marsh, elyvilon_altar_1
Hell
Zot:1:    kennysheep_blocky_hall, layout_basic, st_stairs_13, uniq_grunn
Zot:2:    layout_gridlike, grunt_megastairs_3
Zot:3:    layout_gridlike
Zot:4:    grunt_twist_and_shout, layout_onion_interference,
          hangedman_snake_sidewinding
Zot:5:    layout_misc_corridors, nicolae_transporter_circle

Notes
Turn   | Place    | Note
-------+----------+-------------------------------------------
     0 | Abyss:1  | scionoferis the Merfolk Abyssal Knight began the quest for
                  | the Orb.
     0 | Abyss:1  | Reached XP level 1. HP: 18/18 MP: 2/2
     1 | D:1      | You pass through the gate.
     1 | D:1      | Escaped the Abyss
    35 | D:1      | Reached skill level 3 in Polearms
   284 | D:1      | Reached XP level 2. HP: 24/24 MP: 3/3
   473 | D:1      | Reached XP level 3. HP: 29/29 MP: 4/4
  1004 | D:2      | Reached skill level 4 in Polearms
  1343 | D:2      | Reached XP level 4. HP: 37/37 MP: 6/6
  1722 | D:2      | Reached *** piety under Lugonu
  1908 | D:2      | Reached skill level 4 in Fighting
  1928 | D:2      | Reached skill level 3 in Invocations
  2489 | D:3      | Reached skill level 5 in Polearms
  2647 | D:3      | Found a faded altar of an unknown god.
  2665 | D:3      | Found an opulent altar of Gozag.
  3076 | D:3      | Reached XP level 5. HP: 41/42 MP: 7/7
  3496 | D:4      | Reached XP level 6. HP: 32/49 MP: 8/8
  3608 | D:4      | Found an ornate altar of the Wu Jian Council.
  3608 | D:4      | Noticed Ijyb
  3642 | D:4      | Paralysed by Ijyb for 5 turns
  3653 | D:4      | Paralysed by Ijyb for 2 turns
  3659 | D:4      | Paralysed by Ijyb for 4 turns
  3668 | D:4      | Paralysed by Ijyb for 2 turns
  3678 | D:4      | Killed Ijyb
  3679 | D:4      | Reached skill level 6 in Polearms
  4311 | D:4      | HP: 3/49 [iguana (10)]
  4628 | D:4      | Noticed Eustachio
  4653 | D:4      | Killed Eustachio
  4654 | D:4      | Reached skill level 7 in Polearms
  4654 | D:4      | Reached skill level 4 in Invocations
  4795 | D:5      | Entered Level 5 of the Dungeon
  4813 | D:5      | Noticed a black bear
  4826 | D:5      | Killed a black bear
  4827 | D:5      | Reached skill level 5 in Fighting
  4827 | D:5      | Reached XP level 7. HP: 56/56 MP: 10/10
  4843 | D:5      | Found a hazy altar of Hepliaklqana.
  5004 | D:5      | Reached skill level 3 in Dodging
  5073 | D:5      | Reached skill level 1 in Armour
  5156 | D:5      | Reached skill level 8 in Polearms
  5720 | D:6      | Noticed a steam dragon
  5734 | D:6      | Killed a steam dragon
  5735 | D:6      | Reached skill level 5 in Invocations
  5735 | D:6      | Reached XP level 8. HP: 23/63 MP: 11/11
  5970 | D:6      | Reached skill level 4 in Dodging
  5970 | D:6      | Reached skill level 1 in Evocations
  6615 | D:6      | Found a staircase to the Ecumenical Temple.
  6640 | D:6      | Reached skill level 9 in Polearms
  6640 | D:6      | Reached skill level 2 in Armour
  6835 | D:6      | Reached skill level 6 in Fighting
  7148 | D:7      | Reached **** piety under Lugonu
  7254 | D:7      | Noticed Maggie
  7267 | D:7      | Killed Maggie
  7268 | D:7      | Reached skill level 5 in Dodging
  7268 | D:7      | Reached skill level 2 in Evocations
  7268 | D:7      | Reached XP level 9. HP: 33/70 MP: 13/13
  7600 | D:7      | Found a runed translucent door.
  7937 | D:7      | Found Mol Saxuh's Specific Store.
  7939 | D:7      | Found Daxt's General Store.
  7943 | D:7      | Bought a scroll of identify for 24 gold pieces
  8035 | D:7      | Found a runed translucent door.
  8040 | D:7      | Noticed Sambug2000's ghost (novice HOFi)
  8146 | D:7      | Found a basalt altar of Yredelemnul.
  8555 | D:7      | Reached skill level 10 in Polearms
  8555 | D:7      | Reached skill level 6 in Invocations
  8775 | D:8      | Reached skill level 3 in Evocations
  9094 | D:8      | Reached skill level 3 in Armour
  9133 | D:8      | Reached skill level 6 in Dodging
  9314 | D:8      | Reached skill level 1 in Shields
  9384 | D:8      | Reached skill level 7 in Fighting
  9444 | D:8      | Found an iron altar of Okawaru.
  9444 | D:8      | Noticed a two-headed ogre
  9457 | D:8      | Killed a two-headed ogre
  9458 | D:8      | Reached skill level 11 in Polearms
  9458 | D:8      | Reached skill level 2 in Shields
  9458 | D:8      | Reached XP level 10. HP: 79/79 MP: 2/15
  9595 | D:8      | Reached skill level 4 in Evocations
  9597 | D:8      | Reached skill level 3 in Shields
  9973 | D:7      | Killed Sambug2000's ghost
  9974 | D:7      | Reached skill level 7 in Invocations
 10721 | D:9      | Reached skill level 4 in Shields
 10975 | D:9      | Identified a +1 robe of the Archmagi
 11224 | D:9      | Reached skill level 12 in Polearms
 11670 | D:10     | Entered Level 10 of the Dungeon
 11859 | D:10     | Noticed a deep elf zephyrmancer
 11871 | D:10     | Reached skill level 5 in Evocations
 11880 | D:10     | Killed a deep elf zephyrmancer
 11881 | D:10     | Reached skill level 8 in Fighting
 11881 | D:10     | Reached skill level 5 in Shields
 11881 | D:10     | Reached XP level 11. HP: 86/86 MP: 16/16
 11899 | D:10     | Noticed a deep elf pyromancer
 11909 | D:10     | Killed a deep elf pyromancer
 12030 | D:10     | Found a glowing silver altar of Zin.
 12117 | D:10     | Found a staircase to the Orcish Mines.
 12203 | D:10     | Noticed a white ugly thing
 12477 | D:10     | Killed a white ugly thing
 12478 | D:10     | Reached skill level 13 in Polearms
 12675 | D:10     | Reached skill level 6 in Shields
 12675 | D:10     | Reached skill level 8 in Invocations
 13720 | D:11     | Noticed a two-headed ogre
 13728 | D:11     | Killed a two-headed ogre
 14122 | D:11     | Noticed a four-headed hydra
 14134 | D:11     | Killed a four-headed hydra
 14283 | D:11     | Reached skill level 6 in Evocations
 14610 | D:11     | Found a staircase to the Lair.
 14781 | D:11     | Noticed Urug
 14804 | D:11     | Killed Urug
 14805 | D:11     | Reached skill level 9 in Invocations
 14805 | D:11     | Reached XP level 12. HP: 72/94 MP: 18/18
 14838 | D:11     | Reached skill level 7 in Dodging
 14842 | D:11     | Reached skill level 14 in Polearms
 15026 | D:11     | Reached skill level 9 in Fighting
 15428 | D:12     | Noticed a two-headed ogre
 15477 | D:12     | Killed a two-headed ogre
 15648 | D:12     | Reached skill level 4 in Armour
 15986 | D:12     | You fall into a shaft and drop 2 floors!
 16289 | D:12     | Noticed an eight-headed hydra
 16297 | D:12     | Killed an eight-headed hydra
 16298 | D:12     | Reached skill level 7 in Shields
 16786 | D:11     | Reached skill level 10 in Invocations
 17379 | Lair:1   | Entered Level 1 of the Lair of Beasts
 17529 | Lair:1   | Identified the +1 chain mail of Zoulow {+Blink rElec Int+4
                  | Dex+3}
 17970 | Lair:1   | Noticed a four-headed hydra
 17987 | Lair:1   | Killed a four-headed hydra
 17988 | Lair:1   | Reached skill level 1 in Throwing
 17988 | Lair:1   | Reached skill level 8 in Dodging
 18072 | Lair:1   | Found a runed translucent gate.
 18083 | Lair:1   | Noticed a boulder beetle
 18101 | Lair:1   | Killed a boulder beetle
 18266 | Lair:1   | Found a runed translucent gate.
 18266 | Lair:1   | Found a runed translucent gate.
 18267 | Lair:1   | Noticed an 11-headed hydra
 18267 | Lair:1   | Noticed tkbsonic5's ghost (novice FoEE)
 18967 | Lair:2   | Noticed a death yak
 18967 | Lair:2   | Noticed a death yak
 19030 | Lair:2   | Found a staircase to the Snake Pit.
 19437 | Lair:1   | Killed a death yak
 19438 | Lair:1   | Reached skill level 2 in Throwing
 19675 | Lair:2   | Noticed a death yak
 19687 | Lair:1   | Killed a death yak
 19748 | Lair:1   | Killed a death yak
 19749 | Lair:1   | Reached XP level 13. HP: 95/103 MP: 21/21
 20196 | Lair:1   | Reached skill level 11 in Invocations
 20260 | Lair:1   | Reached skill level 10 in Fighting
 20555 | Lair:1   | Reached skill level 3 in Throwing
 20964 | Lair:2   | Reached skill level 5 in Armour
 20964 | Lair:2   | Reached skill level 9 in Dodging
 21544 | Lair:2   | Reached ***** piety under Lugonu
 21572 | Lair:2   | Reached skill level 8 in Shields
 21576 | Lair:2   | Reached skill level 7 in Evocations
 21678 | Lair:2   | Found a staircase to the Swamp.
 22652 | Lair:3   | Reached skill level 4 in Throwing
 23488 | Lair:4   | Found a staircase to the Slime Pits.
 23498 | Lair:4   | Reached skill level 12 in Invocations
 24414 | Lair:5   | Entered Level 5 of the Lair of Beasts
 24422 | Lair:4   | Reached XP level 14. HP: 106/111 MP: 23/23
 24696 | Lair:5   | Reached skill level 10 in Dodging
 26704 | Lair:5   | Reached skill level 5 in Throwing
 26884 | Lair:5   | Reached skill level 11 in Fighting
 27001 | Lair:5   | Reached skill level 8 in Evocations
 27557 | Lair:5   | Reached skill level 9 in Shields
 27567 | Lair:5   | Reached skill level 6 in Armour
 27584 | Lair:5   | Reached skill level 13 in Invocations
 27920 | Lair:5   | Found a corrupted altar of Lugonu.
 27920 | Lair:5   | Found a one-way gate to the infinite horrors of the Abyss.
 28068 | Lair:5   | Reached ****** piety under Lugonu
 28100 | Lair:5   | Reached skill level 15 in Polearms
 29338 | Orc:1    | Entered Level 1 of the Orcish Mines
 29583 | Orc:1    | Reached skill level 11 in Dodging
 29770 | Orc:1    | Reached XP level 15. HP: 118/119 MP: 25/25
 29825 | Orc:1    | Found Ozenait's Distillery.
 29833 | Orc:1    | Bought a potion of haste for 160 gold pieces
 29833 | Orc:1    | Bought a potion of curing for 48 gold pieces
 29833 | Orc:1    | Bought a potion of mutation for 128 gold pieces
 30053 | Orc:2    | Entered Level 2 of the Orcish Mines
 30428 | Orc:2    | Found a staircase to the Elven Halls.
 30716 | Orc:2    | Reached skill level 6 in Throwing
 31150 | Orc:2    | Found Medous's Antique Weapon Boutique.
 31150 | Orc:2    | Found Vuotwurei's Magic Scroll Emporium.
 31175 | Orc:2    | Bought a scroll of identify for 32 gold pieces
 31175 | Orc:2    | Bought a scroll of identify for 32 gold pieces
 31175 | Orc:2    | Bought a scroll of identify for 32 gold pieces
 31175 | Orc:2    | Bought a scroll of identify for 32 gold pieces
 31175 | Orc:2    | Bought a scroll of noise for 16 gold pieces
 31240 | Orc:2    | Found Omayle's Armour Boutique.
 31240 | Orc:2    | Found Ygiol's Distillery.
 31347 | Orc:2    | Bought a potion of degeneration for 12 gold pieces
 31771 | Swamp:1  | Entered Level 1 of the Swamp
 31956 | Swamp:1  | Reached skill level 14 in Invocations
 32208 | Swamp:1  | Noticed a thorn hunter
 32241 | Swamp:1  | Banished a thorn hunter
 32616 | Swamp:1  | Noticed a thorn hunter
 32636 | Swamp:1  | Killed a thorn hunter
 32637 | Swamp:1  | Reached skill level 9 in Evocations
 33924 | Swamp:1  | Reached skill level 12 in Fighting
 34374 | Swamp:1  | Reached skill level 7 in Armour
 34529 | Swamp:1  | Reached skill level 12 in Dodging
 34720 | Swamp:1  | Noticed a ghoul
 34835 | Swamp:1  | Killed a ghoul
 34836 | Swamp:1  | Reached skill level 7 in Throwing
 34999 | Swamp:1  | Noticed a ghoul
 35527 | Swamp:1  | Noticed a ghoul
 35761 | Swamp:1  | Banished a ghoul
 36061 | Swamp:1  | Killed a ghoul
 36348 | Swamp:2  | Reached skill level 15 in Invocations
 36348 | Swamp:2  | Reached XP level 16. HP: 126/128 MP: 27/27
 36922 | Swamp:2  | Identified 3 potions of resistance
 37250 | Swamp:2  | HP: 12/129 [eleionoma/spray of wooden splinters (30)]
 38546 | Swamp:3  | Noticed a tentacled monstrosity
 38551 | Swamp:3  | Noticed Bai Suzhen
 38667 | Swamp:3  | Noticed a tentacled monstrosity
 38706 | Swamp:2  | Killed a tentacled monstrosity
 39347 | Swamp:3  | Reached skill level 8 in Throwing
 39347 | Swamp:3  | Reached skill level 13 in Dodging
 40280 | Swamp:2  | Killed a tentacled monstrosity
 40494 | Orc:2    | Bought a potion of heal wounds for 60 gold pieces
 40494 | Orc:2    | Bought a potion of heal wounds for 60 gold pieces
 40494 | Orc:2    | Bought a potion of invisibility for 96 gold pieces
 40556 | Orc:1    | Bought a potion of curing for 48 gold pieces
 40556 | Orc:1    | Bought a potion of haste for 160 gold pieces
 40556 | Orc:1    | Bought a potion of curing for 48 gold pieces
 40723 | Swamp:1  | Reached skill level 16 in Invocations
 40876 | Swamp:2  | Reached skill level 13 in Fighting
 41438 | D:13     | Reached skill level 8 in Armour
 41574 | D:13     | Noticed Josephine
 41598 | D:13     | Banished Josephine
 41641 | D:13     | Found a gate to the Vaults.
 41942 | D:13     | Noticed Jorgrun
 42136 | D:13     | Reached XP level 17. HP: 137/137 MP: 29/29
 42463 | D:13     | Noticed Rupert
 42479 | D:13     | Killed Rupert
 43385 | D:13     | Banished Jorgrun
 43496 | D:14     | Identified the +8 war axe of the Vaults {pain, Will+ rCorr
                  | Dex-5}
 43541 | D:14     | Reached skill level 9 in Throwing
 43841 | D:14     | Noticed Snorg
 43849 | D:14     | Banished Snorg
 44009 | D:15     | Entered Level 15 of the Dungeon
 44076 | D:15     | Reached skill level 14 in Dodging
 44185 | D:15     | Noticed Agnes
 44200 | D:15     | Killed Agnes
 44479 | D:15     | Noticed Azrael
 44482 | D:15     | Banished Azrael
 44556 | D:15     | Identified the +4 great sword of Oozing Pus {spect, Dex+2}
 44986 | D:15     | Found a staircase to the Depths.
 45491 | Swamp:3  | Banished Bai Suzhen
 46072 | Swamp:3  | Reached skill level 17 in Invocations
 46485 | Swamp:4  | Entered Level 4 of the Swamp
 48258 | Swamp:4  | Reached skill level 14 in Fighting
 49072 | Swamp:4  | Reached skill level 10 in Throwing
 49072 | Swamp:4  | Reached skill level 10 in Evocations
 49086 | Swamp:4  | Reached XP level 18. HP: 129/146 MP: 30/30
 49161 | Swamp:4  | Reached skill level 9 in Armour
 49317 | Swamp:4  | Got a decaying rune of Zot
 49527 | Lair:1   | Banished tkbsonic5's ghost
 49535 | Lair:1   | Identified the +11 scimitar of Distant Shores {vamp, Str+2}
 49700 | Snake:1  | Entered Level 1 of the Snake Pit
 49798 | Snake:1  | Reached skill level 15 in Dodging
 49925 | Snake:1  | Identified a scroll of acquirement
 49942 | Snake:1  | Noticed Kirke
 49970 | Snake:1  | Killed Kirke
 50085 | Snake:1  | Found Joinyit's Weapon Shop.
 50164 | Snake:1  | Acquired a manual of Throwing
 50908 | Snake:2  | Identified +0 pearl dragon scales
 51271 | Snake:2  | Noticed Aizul
 51332 | Snake:2  | Banished Aizul
 53211 | Snake:3  | Found a transporter.
 53278 | Snake:3  | Found Lesh's Armour Shop.
 53500 | Snake:3  | Reached skill level 11 in Throwing
 53935 | Snake:3  | Found a transporter.
 54094 | Snake:4  | Entered Level 4 of the Snake Pit
 54828 | Snake:4  | Reached skill level 10 in Armour
 56265 | Snake:4  | Identified a +2 robe of resistance
 56297 | Snake:4  | Reached XP level 19. HP: 101/154 MP: 31/31
 56544 | Snake:4  | Reached skill level 11 in Evocations
 56711 | Snake:4  | Reached skill level 15 in Fighting
 57275 | Snake:4  | Reached skill level 16 in Dodging
 57438 | Snake:4  | Reached skill level 18 in Invocations
 57682 | Snake:4  | Reached skill level 12 in Throwing
 58020 | Snake:4  | Got a serpentine rune of Zot
 58477 | Snake:3  | Identified the ring "Ranlix Myny" {Ice Will+ rCorr Int+4}
 58494 | Snake:3  | Identified the ring of Creativity {rC+ MP+9}
 58656 | Orc:2    | Bought the +9 plate armour of the Demonic God {rElec rN+++
                  | Dex-3} for 1353 gold pieces
 58711 | Elf:1    | Entered Level 1 of the Elven Halls
 58775 | Elf:1    | Reached skill level 10 in Shields
 58949 | Elf:1    | Found a huge runed translucent gate.
 58950 | Elf:1    | Found a huge runed translucent gate.
 58951 | Elf:1    | Found a huge runed translucent gate.
 58951 | Elf:1    | Found a huge runed translucent gate.
 58951 | Elf:1    | Found a huge runed translucent gate.
 58951 | Elf:1    | Found a huge runed translucent gate.
 58951 | Elf:1    | Found a huge runed translucent gate.
 58951 | Elf:1    | Found a huge runed translucent gate.
 59628 | Elf:1    | Got the Encyclopedia of Blasting
 60760 | Elf:2    | Noticed a curse skull
 61204 | Elf:2    | Killed a curse skull
 62132 | Elf:2    | Found Kurrolew's Book Shop.
 62132 | Elf:2    | Found Ganasy's Jewellery Emporium.
 62133 | Elf:2    | Found Viqaqufida's Jewellery Emporium.
 62532 | Elf:2    | Found a huge runed translucent gate.
 62532 | Elf:2    | Found a huge runed translucent gate.
 62532 | Elf:2    | Found a huge runed translucent gate.
 62532 | Elf:2    | Found a huge runed translucent gate.
 62532 | Elf:2    | Found a huge runed translucent gate.
 62791 | Elf:2    | Paralysed by a vampire knight for 2 turns
 63302 | Elf:3    | Entered Level 3 of the Elven Halls
 63382 | Elf:3    | Noticed a Tzitzimitl
 63386 | Elf:3    | Noticed a Brimstone Fiend
 63861 | Elf:3    | Found Issaheta's Distillery.
 63885 | Elf:3    | Found the +1 cloak of Starlight {*Dazzle EV+4 Stlth--}
 64030 | Elf:3    | You are cast into the Abyss!
 64030 | Abyss:2  | Cast into level 2 of the Abyss (+0 battleaxe of distortion)
 64050 | Abyss:2  | Found a corrupted altar of Lugonu.
 64114 | Abyss:2  | Banished tkbsonic5's ghost
 64129 | Abyss:2  | Noticed a tentacled monstrosity
 64213 | Elf:3    | You pass through the gate.
 64213 | Elf:3    | Escaped the Abyss
 64870 | Elf:3    | Reached skill level 13 in Throwing
 64885 | Elf:3    | You are cast into the Abyss!
 64885 | Abyss:2  | Cast into level 2 of the Abyss (a deep elf demonologist)
 64886 | Elf:3    | You pass through the gate.
 64886 | Elf:3    | Escaped the Abyss
 65091 | Elf:3    | Reached XP level 20. HP: 164/164 MP: 33/33
 65362 | Elf:3    | Reached skill level 16 in Fighting
 65926 | Depths:1 | Entered Level 1 of the Depths
 66121 | Depths:1 | Identified the ring "Solipoonom" {Fire Dex+4}
 66422 | Depths:1 | Found a radiant altar of Vehumet.
 66423 | Depths:1 | You fall into a shaft and drop 1 floor!
 66603 | Depths:1 | Found a shadowy altar of Dithmenos.
 67732 | Depths:1 | Reached skill level 17 in Dodging
 67896 | Depths:1 | Reached skill level 12 in Evocations
 68228 | Depths:1 | Reached skill level 11 in Armour
 68310 | Depths:1 | Found a gateway to Hell.
 68379 | Depths:1 | Identified the +9 hand axe of Extremism {flame, Int+4}
 68598 | Depths:2 | Found a one-way gate leading to the halls of Pandemonium.
 68620 | Depths:2 | Gained mutation: You are clumsy. (Dex -2) [a neqoxec]
 68726 | Depths:2 | Reached skill level 16 in Polearms
 68812 | Depths:2 | Reached skill level 11 in Shields
 70461 | Depths:2 | Noticed a Tzitzimitl
 70461 | Depths:2 | Noticed a Tzitzimitl
 71187 | Depths:2 | Noticed Sojobo
 71214 | Depths:2 | Paralysed by an air elemental for 1 turns
 71232 | Depths:2 | Paralysed by an air elemental for 1 turns
 71238 | Depths:2 | Paralysed by an air elemental for 1 turns
 71243 | Depths:2 | Paralysed by an air elemental for 1 turns
 71469 | Depths:2 | Paralysed by an air elemental for 1 turns
 71474 | Depths:2 | Paralysed by an air elemental for 1 turns
 71631 | Depths:2 | Paralysed by an air elemental for 1 turns
 71643 | Depths:2 | Paralysed by an air elemental for 1 turns
 71651 | Depths:2 | Paralysed by an air elemental for 1 turns
 71665 | Depths:2 | Paralysed by an air elemental for 1 turns
 71674 | Depths:2 | Paralysed by an air elemental for 1 turns
 71674 | Depths:2 | HP: 10/166 [ice dragon (11)]
 71674 | Depths:2 | HP: 4/166 [ice dragon (6)]
 71728 | Depths:2 | HP: 13/166 [skeletal warrior/stone (11)]
 71773 | Depths:2 | HP: 14/166 [??? (6)]
 72346 | Vaults:1 | Entered Level 1 of the Vaults
 72388 | Vaults:1 | Found a crumbling gateway.
 72415 | Desolati | Entered the Desolation of Salt
 72681 | Desolati | Reached skill level 14 in Throwing
 72769 | Desolati | Reached skill level 17 in Fighting
 73317 | Desolati | Reached XP level 21. HP: 143/174 MP: 34/34
 73523 | Desolati | Got the Tome of the Wind and Glaciation
 73525 | Desolati | Got the Handbook of Metal and Shifting
 73530 | Desolati | Identified the +0 leather armour of Vexation {Str+4 Int+3}
 74043 | Desolati | Identified the +6 trident of Indomitability {vorpal, rF-
                  | rC+ Int+3}
 74741 | Desolati | Got the Incunable of Frigid Battling
 74753 | Desolati | Got the Secrets of Air and Glamour
 74755 | Desolati | Got Utes Til's Handbook of Alluring Ignition
 74789 | Desolati | Got the Compendium of Spellbinding and Conflagration
 76247 | Vaults:1 | Reached skill level 19 in Invocations
 76267 | Vaults:1 | Reached skill level 12 in Armour
 77141 | Vaults:1 | Reached skill level 18 in Dodging
 77575 | Vaults:1 | Reached skill level 17 in Polearms
 77640 | Vaults:1 | Reached skill level 18 in Fighting
 78134 | Vaults:1 | Reached skill level 15 in Throwing
 78911 | Elf:2    | Bought the ring "Ofom" {rElec rF+ Will+ rCorr EV+4} for 818
                  | gold pieces
 79366 | Elf:3    | Reached skill level 13 in Evocations
 79580 | Elf:3    | Noticed Donald
 79583 | Elf:3    | Banished Donald
 79584 | Elf:3    | Reached skill level 12 in Shields
 79715 | Elf:3    | Identified the +2 plate armour "Vyunuan" {MP+9}
 79953 | Elf:3    | Reached XP level 22. HP: 165/184 MP: 35/35
 80101 | Elf:3    | Found the +10 zealot's sword {holy, *Rage rN+ EV+3}
 80393 | Elf:3    | Identified the amulet "Rolezevi" {Reflect rC+ SH+5}
 80408 | Elf:3    | Identified the +10 sling "Qeatil" {freeze, rN+ Int+3}
 80417 | Elf:3    | Identified the ring of Ru's Pride {Fire Str+3 SInv Stlth+}
 80460 | Elf:3    | Identified the +7 quarterstaff "Leloekh" {speed, rC+}
 80808 | Elf:3    | Identified the +0 ring mail of Marbles {rElec rC- Will+++
                  | Str-5}
 81900 | Depths:2 | Paralysed by an air elemental for 1 turns
 81910 | Depths:2 | Killed Sojobo
 83621 | Depths:3 | Found a one-way gateway to a ziggurat.
 84844 | Depths:3 | Found a sparkling altar of Nemelex Xobeh.
 85314 | Depths:2 | Reached skill level 13 in Armour
 85696 | Depths:2 | Reached skill level 19 in Fighting
 85889 | Depths:3 | Identified the +5 chain mail of the Swamp {Harm Will+ Str+3
                  | Int+3}
 86334 | Depths:3 | Reached skill level 13 in Shields
 86539 | Depths:3 | Found an ancient bone altar of Kikubaaqudgha.
 87292 | Depths:3 | Reached skill level 16 in Throwing
 87486 | Depths:3 | Found Puhal's General Store.
 87493 | Depths:3 | Reached skill level 18 in Polearms
 87513 | Depths:3 | Bought a potion of heal wounds for 60 gold pieces
 87587 | Depths:3 | Found The Legendary Zatsued's Legendary Smithy.
 87925 | Depths:3 | Found a white marble altar of Elyvilon.
 88016 | Depths:3 | Found Cuonwir's Miraculous Elixirs.
 88270 | Depths:3 | Noticed an ancient lich
 88289 | Depths:3 | Banished an ancient lich
 88332 | Depths:3 | Found an ancient bone altar of Kikubaaqudgha.
 88418 | Depths:4 | Entered Level 4 of the Depths
 88440 | Depths:3 | Reached XP level 23. HP: 168/194 MP: 36/36
 89071 | Depths:4 | Noticed a golden dragon
 89571 | Depths:3 | Killed a golden dragon
 89786 | Depths:4 | Reached skill level 14 in Evocations
 91132 | Depths:3 | Reached skill level 14 in Shields
 91655 | Depths:4 | Found a gateway to a bazaar.
 91693 | Depths:4 | Found a white marble altar of Elyvilon.
 92497 | Depths:4 | Found a gate to the Realm of Zot.
 92817 | Depths:4 | Noticed a golden dragon
 92824 | Depths:4 | Found Jorgh's Distillery.
 92834 | Depths:4 | a golden dragon changed into a glowing shapeshifter
 92846 | Depths:4 | Reached skill level 20 in Fighting
 93116 | Depths:4 | Bought a potion of heal wounds for 85 gold pieces
 93718 | Vaults:2 | Found a runed translucent gate.
 93718 | Vaults:2 | Found a runed translucent gate.
 93718 | Vaults:2 | Noticed garrulousMonolith's ghost (veteran GnFi)
 93719 | Vaults:2 | Found a runed translucent gate.
 93719 | Vaults:2 | Noticed MackTheFife's ghost (veteran HOGl)
 93719 | Vaults:2 | Noticed Faydane's ghost (veteran HuFi)
 93719 | Vaults:2 | Noticed Eldin's ghost (veteran DEHW)
 94023 | Vaults:2 | Reached skill level 14 in Armour
 94197 | Vaults:2 | Found Seblemeu's Jewellery Shoppe.
 95274 | Vaults:2 | Found a staircase to the Crypt.
 96212 | Vaults:2 | Reached skill level 19 in Polearms
 96706 | Vaults:2 | Reached skill level 15 in Shields
 96706 | Vaults:2 | Reached XP level 24. HP: 202/204 MP: 36/36
 98036 | Vaults:3 | Identified the +0 scale mail of Precision Catastrophes {rF-
                  | rC+ Stlth+}
 98952 | Vaults:3 | Found Gixzyh's Book Emporium.
 99077 | Vaults:3 | Found a transporter.
 99118 | Vaults:3 | Found a transporter.
100127 | Vaults:3 | Reached skill level 15 in Evocations
100848 | Vaults:3 | Corrupted Vaults:3
101043 | Vaults:3 | Identified the ring of Ratryemu {Ice *Slow rPois Str+2}
101079 | Vaults:3 | Identified the ring "Woytau" {Wiz Str+5 Slay+6}
101943 | Vaults:4 | Reached skill level 16 in Shields
102173 | Vaults:4 | Reached skill level 15 in Armour
103649 | Vaults:4 | Found Gozag's Assorted Antiques.
103663 | Vaults:4 | Found an opulent altar of Gozag.
103690 | Vaults:4 | Found Gozag's Assorted Antiques.
103693 | Vaults:4 | Found Gozag's Assorted Antiques.
104252 | Vaults:4 | Reached skill level 20 in Polearms
104796 | Slime:1  | Entered Level 1 of the Pits of Slime
104886 | Slime:1  | Gained mutation: Armour fits poorly on your strangely
                  | shaped body. [a shining eye]
104926 | Slime:1  | Reached XP level 25. HP: 213/213 MP: 36/36
105884 | Slime:3  | Reached skill level 21 in Fighting
107250 | Slime:4  | Reached skill level 17 in Shields
108426 | Slime:5  | Entered Level 5 of the Pits of Slime
108482 | Slime:5  | Gained mutation: You are dopey. (Int -2) [a shining eye]
108486 | Slime:5  | Gained mutation: You are partially covered in large bone
                  | plates. (SH +4) [a shining eye]
109085 | Slime:5  | Gained mutation: You are weak. (Str -2) [a shining eye]
109087 | Slime:5  | Noticed the Royal Jelly
109091 | Slime:5  | Gained mutation: You are very dopey. (Int -4) [a shining
                  | eye]
109096 | Slime:5  | Banished the Royal Jelly
109112 | Slime:5  | Lost mutation: Armour fits poorly on your strangely shaped
                  | body. [a shining eye]
109113 | Slime:5  | Gained mutation: Armour fits poorly on your strangely
                  | shaped body. [a shining eye]
109697 | Slime:5  | Found the +2 hood of the Assassin {Detection Stab+ Stlth++}
109711 | Slime:5  | Reached skill level 16 in Armour
109726 | Slime:5  | Found a viscous altar of Jiyva.
110096 | Slime:5  | Corrupted Slime:5
110274 | Slime:5  | Identified the +1 leather armour of Youthful Indiscretion
                  | {rN+ Dex+3}
110297 | Slime:5  | Identified the +4 pair of boots of Hucs {rF+ Slay+5}
110301 | Slime:5  | Identified the ring of Xetrit {rF+ rC+ rCorr Int-2 Dex+7}
110306 | Slime:5  | Got a slimy rune of Zot
110339 | Slime:5  | Identified the +8 morningstar of Resumed Hostilities
                  | {freeze, *Slow MP+9 Str+7}
110344 | Slime:5  | Got the Atlas of Evolution and Flames
110609 | D:11     | Lost mutation: You are weak. (Str -2) [potion of mutation]
110609 | D:11     | Lost mutation: You are clumsy. (Dex -2) [potion of
                  | mutation]
110609 | D:11     | Gained mutation: You are agile. (Dex +4, Str/Int -1)
                  | [potion of mutation]
110609 | D:11     | Gained mutation: You are robust. (+10% HP) [potion of
                  | mutation]
110609 | D:11     | Gained mutation: Your natural rate of healing is unusually
                  | fast. [potion of mutation]
110610 | D:11     | Lost mutation: Armour fits poorly on your strangely shaped
                  | body. [potion of mutation]
110610 | D:11     | Lost mutation: You are very dopey. (Int -4) [potion of
                  | mutation]
110610 | D:11     | Gained mutation: You occasionally lose the ability to read
                  | scrolls when taking damage. [potion of mutation]
110610 | D:11     | Lost mutation: You are robust. (+10% HP) [potion of
                  | mutation]
110610 | D:11     | Gained mutation: You possess an exceptional clarity of
                  | mind. [potion of mutation]
110610 | D:11     | Gained mutation: You are partially covered in iridescent
                  | scales. (AC +2) [potion of mutation]
110611 | D:11     | Lost mutation: You are partially covered in iridescent
                  | scales. (AC +2) [potion of mutation]
110611 | D:11     | Lost mutation: You occasionally lose the ability to read
                  | scrolls when taking damage. [potion of mutation]
110611 | D:11     | Lost mutation: Your natural rate of healing is unusually
                  | fast. [potion of mutation]
110611 | D:11     | Gained mutation: You have hidden genetic defects. [potion
                  | of mutation]
110611 | D:11     | Gained mutation: You occasionally lose the ability to read
                  | scrolls when taking damage. [potion of mutation]
110611 | D:11     | Lost mutation: You are agile. (Dex +4, Str/Int -1) [potion
                  | of mutation]
110611 | D:11     | Gained mutation: You are robust. (+10% HP) [potion of
                  | mutation]
110612 | D:11     | Lost mutation: You are partially covered in large bone
                  | plates. (SH +4) [potion of mutation]
110612 | D:11     | Lost mutation: You are robust. (+10% HP) [potion of
                  | mutation]
110612 | D:11     | Gained mutation: Your flesh is heat resistant. (rF+)
                  | [potion of mutation]
110612 | D:11     | Lost mutation: You have hidden genetic defects. [potion of
                  | mutation]
110613 | D:11     | Lost mutation: Your flesh is heat resistant. (rF+) [potion
                  | of mutation]
110613 | D:11     | Lost mutation: You possess an exceptional clarity of mind.
                  | [potion of mutation]
110613 | D:11     | Lost mutation: You occasionally lose the ability to read
                  | scrolls when taking damage. [potion of mutation]
110613 | D:11     | Gained mutation: Armour fits poorly on your strangely
                  | shaped body. [potion of mutation]
110613 | D:11     | Gained mutation: You are partially covered in iridescent
                  | scales. (AC +2) [potion of mutation]
110614 | D:11     | Lost mutation: You are dopey. (Int -2) [potion of mutation]
110614 | D:11     | Lost mutation: You are partially covered in iridescent
                  | scales. (AC +2) [potion of mutation]
110614 | D:11     | Gained mutation: You have a pair of small antennae on your
                  | head. [potion of mutation]
110614 | D:11     | Gained mutation: You are frail. (-10% HP) [potion of
                  | mutation]
110614 | D:11     | Gained mutation: You have very sharp teeth. [potion of
                  | mutation]
110615 | D:11     | Lost mutation: You are frail. (-10% HP) [potion of
                  | mutation]
110615 | D:11     | Lost mutation: You have a pair of small antennae on your
                  | head. [potion of mutation]
110615 | D:11     | Gained mutation: Your mind is acute. (Int +4, Str/Dex -1)
                  | [potion of mutation]
110616 | D:11     | Lost mutation: Armour fits poorly on your strangely shaped
                  | body. [potion of mutation]
110616 | D:11     | Lost mutation: You have very sharp teeth. [potion of
                  | mutation]
110616 | D:11     | Gained mutation: You passively map a small area around you.
                  | [potion of mutation]
110616 | D:11     | Gained mutation: You have a pair of small horns on your
                  | head. [potion of mutation]
110684 | Orc:2    | Bought a potion of mutation for 96 gold pieces
110684 | Orc:2    | Bought a potion of might for 48 gold pieces
110806 | Elf:3    | Bought a potion of mutation for 104 gold pieces
110806 | Elf:3    | Bought a potion of heal wounds for 65 gold pieces
110910 | Orc:2    | Bought a scroll of summoning for 152 gold pieces
111542 | Bazaar   | Entered a bazaar
111558 | Bazaar   | Found Axopiotz's Weapon Emporium.
111559 | Bazaar   | Found Vivopel's Book Emporium.
111602 | Bazaar   | Found Qoyseih's General Store.
111602 | Bazaar   | Found Lucwiy Rinwe's Distillery.
111610 | Bazaar   | Bought a wand of roots (2) for 62 gold pieces
111610 | Bazaar   | Bought a scroll of summoning for 123 gold pieces
111610 | Bazaar   | Bought a potion of curing for 39 gold pieces
111624 | Bazaar   | Bought a potion of might for 64 gold pieces
111624 | Bazaar   | Bought a potion of might for 64 gold pieces
111624 | Bazaar   | Bought a potion of heal wounds for 80 gold pieces
111624 | Bazaar   | Bought a potion of curing for 48 gold pieces
111624 | Bazaar   | Bought a potion of curing for 48 gold pieces
111671 | Zot:1    | Entered Level 1 of the Realm of Zot
111746 | Zot:1    | Identified the ring "Ropnu" {Fire rN+ Int+7 SInv}
111919 | Zot:1    | Noticed an electric golem
112289 | Zot:1    | Reached skill level 18 in Shields
112510 | Zot:1    | Noticed Grunn
112526 | Zot:1    | Banished Grunn
113474 | Zot:1    | Banished an electric golem
113475 | Zot:1    | Reached XP level 26. HP: 218/224 MP: 36/36
113918 | Hell     | Entered the Vestibule of Hell
113918 | Hell     | Noticed Geryon
113938 | Hell     | Killed Geryon
116101 | Depths:4 | Reached skill level 19 in Shields
116289 | Depths:4 | Reached skill level 22 in Fighting
116392 | D:15     | Identified a +9 demon trident of distortion (a +8 demon
                  | trident corrupted by Lugonu)
116392 | D:15     | Received a gift from Lugonu
116982 | Hell     | Reached skill level 17 in Armour
117238 | Hell     | Found a gateway to the Iron City of Dis.
117409 | Hell     | Found a gateway to the decaying netherworld of Tartarus.
117599 | Hell     | Found a gateway to the ashen valley of Gehenna.
118109 | Zot:2    | Identified the +3 barding of Mudgh {Fly rC- Will+ rCorr}
119265 | Orc:2    | Bought a scroll of enchant armour for 120 gold pieces
119748 | Zot:2    | Noticed an electric golem
120837 | Zot:2    | Killed an electric golem
121179 | Zot:3    | Identified the ring of Ecearod {Ice Drain rElec rN+++}
122054 | Zot:4    | Noticed a Killer Klown
122326 | Zot:3    | Reached skill level 20 in Shields
122411 | Zot:4    | Noticed a curse toe
122615 | Zot:4    | Killed a curse toe
122616 | Zot:4    | Reached XP level 27. HP: 42/233 MP: 36/36
123328 | Zot:3    | Reached skill level 19 in Dodging
123772 | Zot:4    | Reached skill level 23 in Fighting
123956 | Zot:3    | Reached skill level 18 in Armour
124513 | Zot:4    | Identified the ring of Emathro {EV+4 Str+2}
125137 | Zot:5    | Entered Level 5 of the Realm of Zot
125144 | Zot:5    | Noticed a curse toe
125148 | Zot:4    | Reached skill level 20 in Dodging
125181 | Zot:5    | Noticed a curse toe
125183 | Zot:5    | Banished a curse toe
125201 | Zot:4    | Killed a curse toe
125280 | Zot:5    | Found a transporter.
125280 | Zot:5    | Found a transporter.
125352 | Zot:5    | Noticed a curse toe
125358 | Zot:5    | Killed a curse toe
125526 | Zot:5    | Found a transporter.
125557 | Zot:5    | Found a transporter.
125925 | Zot:5    | Corrupted Zot:5
125955 | Zot:5    | Killed an electric golem
125958 | Zot:5    | Killed an orb of fire
125964 | Zot:5    | Killed an orb of fire
126009 | Zot:5    | Noticed an orb of fire
126012 | Zot:5    | Gained mutation: You are clumsy. (Dex -2) [an orb of fire]
126014 | Zot:5    | Killed an orb of fire
126061 | Zot:5    | Noticed an orb of fire
126063 | Zot:5    | Killed an orb of fire
126094 | Zot:5    | Noticed an orb of fire
126095 | Zot:5    | Noticed an orb of fire
126097 | Zot:5    | Gained mutation: You have hidden genetic defects. [an orb
                  | of fire]
126099 | Zot:5    | Noticed an orb of fire
126143 | Zot:5    | Killed an orb of fire
126151 | Zot:5    | Killed an orb of fire
126154 | Zot:5    | Gained mutation: Your spells are a little easier to cast,
                  | but a little less powerful. [an orb of fire]
126166 | Zot:5    | Killed an orb of fire
126169 | Zot:5    | Reached skill level 21 in Dodging
126184 | Zot:5    | Reached skill level 24 in Fighting
126561 | Zot:5    | Noticed an electric golem
126734 | Zot:5    | Noticed a curse toe
126781 | Zot:5    | Killed an electric golem
126799 | Zot:5    | Killed a curse toe
127247 | Zot:5    | Gained mutation: You are frail. (-10% HP) [hidden defects]
127248 | Zot:5    | Lost mutation: You passively map a small area around you.
                  | [potion of mutation]
127248 | Zot:5    | Lost mutation: You have hidden genetic defects. [potion of
                  | mutation]
127248 | Zot:5    | Lost mutation: You are frail. (-10% HP) [potion of
                  | mutation]
127248 | Zot:5    | Gained mutation: You are partially covered in iridescent
                  | scales. (AC +2) [potion of mutation]
127248 | Zot:5    | Gained mutation: You possess an exceptional clarity of
                  | mind. [potion of mutation]
127328 | Zot:5    | Noticed an ancient lich
127336 | Zot:5    | Banished an ancient lich
127405 | Zot:5    | Noticed an orb of fire
127419 | Zot:5    | Gained mutation: You are very clumsy. (Dex -4) [an orb of
                  | fire]
127420 | Zot:5    | Killed an orb of fire
127588 | Zot:5    | Noticed an ancient lich
127601 | Zot:5    | Killed an ancient lich
128030 | Zot:5    | Got the Orb of Zot
128243 | Depths:1 | Noticed Uhic the pandemonium lord
128402 | D:10     | Reached skill level 19 in Armour
128406 | D:10     | Noticed Ofos the pandemonium lord
128676 | D:$      | Escaped with the Orb!

Vanquished Creatures
  An ancient lich (Zot:5)
  6 orbs of fire (Zot:5)
  2 Killer Klowns (Zot:5)
  4 curse toes (Zot:4 Zot:5)
  Geryon (Hell)
  6 golden dragons (Depths:3 Zot:2 Zot:3)
  3 doom hounds (Zot:1)
  2 electric golems (Zot:2 Zot:5)
  A Tzitzimitl (Depths:2)
  13 tentacled monstrosities (Swamp:2 Zot:1 Zot:2 Zot:3 Zot:4)
  Rupert (D:13)
  4 liches (Depths:1 Depths:3 Depths:4)
  A deep elf blademaster (Elf:3)
  22 Orb Guardians (Zot:5 Zot:4 D:5)
  2 titans (Depths:3 Zot:5)
  2 deep elf master archers (Elf:3)
  2 quicksilver dragons (Zot:5)
  13 acid blobs (Slime:1 Slime:2 Slime:3 Slime:4 Slime:5)
  5 sphinxes (Depths:2 Vaults:3 Vaults:4)
  2 thorn hunters (Swamp:1 Swamp:4)
  2 ancient champions (Hell)
  2 Executioners (D:10 D:8)
  13 storm dragons (Depths:3 Zot:1 Zot:2 Zot:3 Zot:4)
  6 shadow dragons (Zot:1 Hell Zot:2 Zot:3 Zot:4)
  Agnes (D:15)
  Kirke (Snake:1)
  4 draconian monks (Zot:1 Zot:3)
  8 death cobs (Zot:2 Zot:3 Zot:5)
  5 tengu reavers (Depths:1 Depths:2 Depths:3)
  A nagaraja (Snake:4)
  4 fire giants (Depths:3 Depths:4 Vaults:2 Vaults:3)
  2 rockslimes (Slime:3 Slime:4)
  6 azure jellies (Slime:1 Slime:2 Slime:3 Slime:5 Slime:4)
  An iron dragon (Depths:4)
  A deep elf sorcerer (Vaults:1)
  5 frost giants (Depths:2 Depths:3 Vaults:2)
  8 draconian shifters (Zot:1 Zot:2 Zot:4 Zot:5)
  3 draconian scorchers (Zot:1 Zot:3 Zot:4)
  2 draconian knights (Depths:4 Zot:5)
  15 vault wardens (Vaults:1 Vaults:2 Vaults:3 Vaults:4)
  4 imperial myrmidons (Desolation)
  A spectral caustic shrike (Depths:2)
  4 ghouls (Swamp:1 Elf:2)
  2 orc warlords (Depths:3)
  A ghost moth (Zot:3)
  3 deep elf elementalists (Elf:3)
  6 draconian annihilators (Depths:3 Zot:1 Zot:4 Zot:5)
  2 draconian stormcallers (Zot:1 Zot:2)
  A war gargoyle (Vaults:3)
  3 quicksilver oozes (Slime:2 Slime:5 Slime:4)
  5 very ugly things (Depths:2 Depths:3 Vaults:4)
  A curse skull (Elf:2)
  7 ironbound thunderhulks (Vaults:1 D:13 Vaults:2 Vaults:4)
  10 stone giants (Depths:1 D:15 Depths:2 Depths:3 Depths:4)
  13 ironbound preservers (Vaults:1 Vaults:2 Vaults:3 Vaults:4)
  5 reapers (Depths:4 Hell)
  9 green draconians (Zot:2 Zot:3 Zot:4 Zot:5)
  2 vampire knights (Depths:3 Hell)
  A juggernaut skeleton (Depths:2)
  9 eleionomae (Swamp:1 Swamp:2 Swamp:3 Swamp:4 Abyss:2)
  4 deep elf demonologists (Elf:3)
  9 black draconians (Zot:1 Zot:2 Zot:3 Zot:4)
  5 dire elephants (Vaults:2 Vaults:3 Vaults:4)
  17 yellow draconians (Depths:4 Zot:1 Zot:2 Zot:4 Zot:3)
  2 entropy weavers (Vaults:1 Vaults:2)
  12 white draconians (Zot:2 Zot:3 Zot:4 Zot:5)
  4 spark wasps (Depths:2 Depths:4)
  13 red draconians (Depths:3 Zot:1 Zot:2 Zot:3 Zot:4)
  6 bunyips (Swamp:1 Swamp:3 Swamp:2 Swamp:4)
  5 deep elf annihilators (Elf:1 Elf:3 Vaults:3)
  20 purple draconians (Zot:1 Zot:2 Zot:3 Zot:4 Zot:5)
  2 blizzard demons (Depths:4)
  An iron golem (Depths:4)
  A green death (Depths:4)
  4 ice dragons (Depths:2 Depths:3 Depths:4)
  4 deep elf death magi (Elf:2 Elf:3)
  10 ettins (Orc:2 Depths:1 Depths:2 Depths:3 Vaults:3)
  13 great orbs of eyes (Vaults:3 Vaults:4 Slime:1 Slime:3 Slime:4)
  10 vault guards (D:13 D:12 Depths:3 Vaults:2 Vaults:3)
  2 deep elf high priests (Elf:3)
  7 fire dragons (Depths:1 Depths:2 Depths:3 Depths:4 Zot:3)
  A jiangshi (Elf:2)
  9 ragged hierophants (Desolation)
  30 hydras (D:11 D:12 Lair:1 Lair:3 Lair:5)
  A rakshasa (Depths:2)
  9 peacekeepers (Vaults:1 Desolation Vaults:2)
  4 servants of whispers (Desolation)
  3 boulder beetles (Lair:1 Vaults:1)
  2 salamander tyrants (Snake:2 Snake:3)
  2 ghost crabs (Swamp:4)
  2 hell beasts (Depths:2 D:8)
  9 yaktaur captains (Vaults:1 Depths:3 Vaults:2 Vaults:3 Vaults:4)
  An ogre mage (Vaults:4)
  2 spriggan air magi (Depths:2)
  11 ironbound frosthearts (Vaults:1 Vaults:2 Vaults:3)
  8 anacondas (Snake:1 Snake:2 Snake:3 Snake:4)
  4 two-headed ogres (D:8 D:11 D:12 Depths:3)
  10 alligators (Swamp:1 Swamp:2 Swamp:3)
  21 centaur warriors (D:13 D:14 D:15 Vaults:1 Depths:3)
  4 deep troll shamans (Depths:1 Depths:2 Depths:4)
  12 dancing weapons (Elf:1 Elf:2 Abyss:2 Elf:3)
  9 naga warriors (Snake:1 Snake:2 Snake:4)
  3 hell hogs (Depths:1 Hell)
  2 tengu warriors (D:15 Depths:2)
  Urug (D:11)
  8 deep troll earth magi (Depths:1 D:15 Depths:2 Depths:4 Vaults:3)
  6 naga sharpshooters (Snake:2 Snake:3 Snake:4)
  A thrashing horror (Lair:5)
  6 death yaks (Lair:1 Lair:4 Lair:5)
  8 sun demons (Depths:4 Hell)
  A vampire mage (Depths:3)
  10 deep elf knights (Elf:1 Elf:2 Elf:3)
  6 spriggan berserkers (Swamp:2 Swamp:4 Depths:2)
  7 soul eaters (Depths:1 Depths:4)
  6 iron trolls (Depths:1 Depths:3 Depths:4)
  29 hell knights (Depths:1 Depths:2 Depths:3 Depths:4)
  2 shadow wraiths (Hell)
  4 salamander mystics (Snake:4 Depths:4)
  2 sixfirhies (Depths:4 D:9)
  4 elf simulacra (Elf:2)
  2 skeletal warriors (Depths:2 Vaults:2)
  A fire crab (Lair:5)
  A flayed ghost (Vaults:4)
  9 goliath frogs (Swamp:1 Swamp:2 Swamp:3 Swamp:4)
  15 swamp dragons (Swamp:1 Swamp:2 Swamp:3 Swamp:4 Zot:4)
  38 deep trolls (D:15 Vaults:1 D:13 Depths:2 Depths:3)
  5 deep elf archers (Elf:1 Elf:2 Elf:3)
  2 glowing orange brains (D:15 Depths:3)
  16 ironbound convokers (Desolation D:13 Vaults:1 Vaults:2 Vaults:3)
  2 spriggan druids (Swamp:2 Swamp:1)
  4 naga ritualists (Snake:3 Snake:4)
  13 wizards (Depths:3 Vaults:2 Vaults:3 Vaults:4)
  The ghost of Sambug2000 the Cleaver, a novice HOFi of Gozag (D:7)
  7 phantasmal warriors (Vaults:2 Depths:4 Hell)
  11 lindwurms (Snake:4 Vaults:1 Vaults:2 Vaults:3)
  2 harpies (Depths:2)
  11 bog bodies (Swamp:1 Swamp:2 Swamp:3 Swamp:4)
  7 mana vipers (Snake:3 Snake:4)
  14 deep elf zephyrmancers (D:10 Elf:1 Elf:2 Elf:3)
  9 necromancers (Depths:1 Depths:2 Vaults:1 Depths:4 Vaults:3)
  An orc knight (Orc:1)
  7 cyclopes (D:12 Orc:2 D:13 Depths:3)
  17 deep elf pyromancers (D:10 D:13 Elf:1 Elf:2 Abyss:2)
  5 orc sorcerers (Orc:2)
  16 salamanders (Snake:1 Snake:2 Snake:3 Snake:4 Abyss:2)
  A shadow dragon skeleton (Depths:3)
  5 spectral spriggans (Swamp:1 Abyss:2)
  4 will-o-the-wisps (Swamp:1 Swamp:2 Swamp:3)
  A wolf spider (shapeshifter) (D:15)
  6 shining eyes (Slime:1 Slime:2 Slime:5)
  10 manticores (D:13 D:14 Depths:2)
  30 ugly things (D:10 Lair:5 D:15 Depths:1 Depths:2)
  A manticore (shapeshifter) (Vaults:3)
  13 elephants (Lair:1 Lair:4 Lair:5)
  31 moths of wrath (Zot:1 Zot:2 Zot:3 Zot:4 Zot:5)
  7 guardian serpents (Snake:4 Desolation)
  A faun (shapeshifter) (Depths:4)
  30 black mambas (Lair:1 Lair:2 Lair:4 Lair:5 Snake:1)
  5 eyes of devastation (Slime:4 Slime:2 Slime:3 Slime:5)
  13 vault sentinels (Vaults:1 Vaults:2 Vaults:3 Vaults:4)
  10 naga magi (Snake:1 Snake:2 Snake:3 Snake:4)
  9 cane toads (Lair:1 Lair:3 Lair:4 Lair:5)
  7 rust devils (Depths:4)
  A spectral elf (Elf:2)
  Maggie (D:7)
  A molten gargoyle (Desolation)
  8 smoke demons (Lair:5 Depths:1 Depths:4 Hell)
  2 gargoyles (D:13 Depths:3)
  A torpor snail (Lair:4)
  A hellion (Depths:4)
  2 freezing wraiths (Depths:4)
  3 rime drakes (Lair:1 Lair:2 Lair:4)
  A spark wasp simulacrum (Depths:3)
  9 komodo dragons (D:12 Lair:1 Lair:3 Lair:4 Lair:5)
  4 unseen horrors (D:10 D:12 D:13 Depths:2)
  37 yaktaurs (Vaults:1 D:13 Vaults:2 Vaults:3 Vaults:4)
  3 tengu conjurers (D:13 D:15 Depths:2)
  An efreet (D:13)
  2 ice devils (Depths:4)
  An ancient zyme (Lair:5)
  3 red devils (Depths:4 Hell)
  12 tyrant leeches (Swamp:1 Swamp:2 Swamp:3 Swamp:4 Abyss:2)
  A troll (shapeshifter) (Lair:5)
  3 trolls (D:11 Orc:1 D:14)
  12 hornets (Lair:1 Swamp:1 Swamp:2 Swamp:3 Depths:2)
  2 polar bears (Lair:2 Lair:3)
  19 blink frogs (Lair:4 Lair:5)
  45 saltlings (Desolation)
  3 bloated husks (Swamp:1 Swamp:4)
  107 slime creatures (D:13 D:15 Vaults:1 Vaults:2 Vaults:3)
  2 flying skulls (Elf:2)
  A culicivora (Vaults:4)
  A jumping spider (Vaults:2)
  A vampire (D:9)
  5 large abominations (Lair:5 Depths:2)
  16 spriggans (Lair:5 Swamp:1 Swamp:2 Swamp:3 Depths:2)
  2 shadows (D:11 D:12)
  2 water elementals (Elf:1 Elf:2)
  A ynoxinul (Lair:5)
  3 fire elementals (D:15 Elf:2 Elf:3)
  52 yaks (D:8 D:9 D:10 D:11 Lair:1)
  7 wraiths (D:11 D:12 D:13)
  3 hogs (Snake:1)
  2 culicivoras (shapeshifter) (Lair:5 D:14)
  2 wyverns (D:9 D:10)
  5 basilisks (Lair:1 Lair:5 D:15)
  5 redbacks (Vaults:1 Vaults:2 Vaults:4)
  5 chaos spawn (Lair:5 Depths:2 D:1)
  2 steam dragons (D:6 Lair:2)
  7 golden eyes (Slime:1 Slime:3 Slime:5)
  Eustachio (D:4)
  24 vampire mosquitoes (D:10 D:11 D:12 Swamp:1 Swamp:2)
  2 acid dragons (D:10 D:11)
  16 swamp worms (Lair:2 Swamp:1 Swamp:2 Swamp:3 Swamp:4)
  A glowing shapeshifter zombie (Depths:3)
  32 nagas (Lair:2 Snake:1 Snake:2 Snake:3 Snake:4)
  8 wargs (D:10 Orc:2 Depths:3)
  6 hell hounds (D:15 Depths:2)
  9 water moccasins (D:6 D:8 D:9 Lair:1 Lair:5)
  11 swamp drakes (D:10 Swamp:1 Swamp:2 Swamp:4)
  A sky beast (D:7)
  A swamp drake (shapeshifter) (D:13)
  2 ice beasts (D:6 D:8)
  A spriggan simulacrum (Depths:2)
  A black bear (D:5)
  4 ogres (D:7 Orc:1 Orc:2)
  10 orc warriors (D:7 D:10 Orc:1 Orc:2)
  18 wolves (Lair:5 Depths:3)
  6 boggarts (Depths:3 Vaults:2 Vaults:1)
  9 centaurs (D:5 D:8 D:10 D:13 Depths:3)
  A phantom (D:6)
  3 kobold brigands (D:8 D:9)
  10 bullfrogs (D:6 D:8 Lair:1 Lair:3 Lair:4)
  3 scorpions (D:5 D:7)
  4 necrophages (D:4 D:5 D:6 D:7)
  2 earth elementals (Elf:2 Elf:3)
  2 spectral wargs (Depths:3)
  13 wights (D:7 D:8 D:9 D:10)
  A howler monkey (D:10)
  3 jellies (D:4 D:5 D:6)
  21 small abominations (Lair:5 Depths:2)
  A crimson imp (D:10)
  14 orc priests (D:7 D:9 D:10 D:11 Orc:1)
  2 hounds (D:7)
  An iron imp (D:10)
  2 iguanas (D:4 D:7)
  Ijyb (D:4)
  43 orc wizards (D:9 D:10 D:11 Orc:1 Orc:2)
  9 adders (D:2 D:3 D:4 D:5 D:6)
  3 shadow imps (D:5 D:7 D:10)
  5 white imps (D:7 D:10)
  4 ufetubi (D:5 D:6 D:7)
  5 worms (D:2 D:3 D:4 D:5)
  A dart slug (D:1)
  83 orcs (D:3 D:4 D:6 D:7 D:8)
  7 ball pythons (D:1 D:3 D:4)
  3 bats (D:1 D:2 D:3)
  10 endoplasms (D:1 D:2 D:3 D:4)
  2 giant cockroaches (D:2 D:4)
  7 goblins (D:1 D:2 D:3 D:4)
  12 hobgoblins (D:1 D:2 D:3 D:7)
  A jackal (D:1)
  2 quokkas (D:3 D:4)
  2 frilled lizards (D:2 D:3)
  22 kobolds (D:1 D:2 D:3 D:4 D:8)
  6 rats (D:1 D:2 D:3)
  3 briar patches (Swamp:1)
  A creeping inferno (Hell)
  3 fire vortices (Depths:2 Hell)
  A lost soul (Elf:2)
1974 creatures vanquished.

Vanquished Creatures (collateral kills)
  Sojobo (Depths:2)
1 creature vanquished.

Vanquished Creatures (others)
  2 orbs of fire (Zot:5)
  A Killer Klown (Zot:5)
  An electric golem (Zot:5)
  2 Orb Guardians (Zot:5)
  A storm dragon (Zot:5)
  A ghost moth (Zot:5)
  A draconian annihilator (Zot:2)
  A black draconian (Zot:5)
  A yellow draconian (Zot:5)
  A deep elf knight (Elf:3)
  A hell knight (Depths:4)
  2 deep trolls (Depths:2)
  A deep elf zephyrmancer (Elf:3)
  A moth of wrath (Zot:5)
  A tengu conjurer (Depths:2)
  3 bloated husks (Swamp:1 Swamp:3)
  2 slime creatures (D:13 Vaults:3)
  2 humans (Snake:1)
  2 orc wizards (Orc:2)
  3 orcs (Orc:2 Depths:3)
  A creeping inferno (Hell)
  2 demonic plants (D:7)
  A fire vortex (Hell)
  34 foxfires (Swamp:1 Swamp:2 Swamp:3)
  30 fungi (Lair:1 Lair:3 Lair:4 Lair:5)
  105 plants (D:3 Lair:1 Lair:2 Lair:3 Lair:4)
  20 starspawn tentacles (Zot:5)
223 creatures vanquished.

Grand Total: 2198 creatures vanquished

Table legend: (Time is in decaauts)
 A = Elapsed time spent in this place.
 B = Non-inter-level travel time spent in this place.
 C = Inter-level travel time spent in this place.
 D = Time resting spent in this place.
 E = Time spent auto-exploring this place.
 F = Levels seen in this place.
 G = Mean time per level.
                   A        B        C        D        E       F      G
               +--------+--------+--------+--------+--------+-----+--------+
         Total | 123331 | 112009 |  11322 |  43935 |  41705 |  57 | 2163.7 |
       Dungeon |  25230 |  21369 |   3861 |   5601 |  11748 |  15 | 1682.0 |
          Lair |  12212 |  10926 |   1286 |   4042 |   4801 |   5 | 2442.4 |
         Swamp |  12322 |  11769 |    553 |   6886 |   2483 |   4 | 3080.5 |
     Snake Pit |   8393 |   7713 |    680 |   2583 |   3367 |   4 | 2098.2 |
    Slime Pits |   5491 |   5161 |    330 |   1897 |   1788 |   5 | 1098.2 |
  Orcish Mines |   2691 |   1895 |    796 |    408 |   1065 |   2 | 1345.5 |
   Elven Halls |   8531 |   7689 |    842 |   3360 |   2625 |   3 | 2843.7 |
        Vaults |  13142 |  12267 |    875 |   3651 |   5467 |   4 | 3285.5 |
        Depths |  20258 |  19081 |   1177 |  10708 |   3799 |   4 | 5064.5 |
          Hell |    806 |    806 |      0 |      0 |    521 |   1 |  806.0 |
           Zot |  11356 |  10437 |    919 |   3675 |   3798 |   5 | 2271.2 |
         Abyss |    143 |    143 |      0 |     31 |      0 |   3 |   47.7 |
        Bazaar |     92 |     92 |      0 |      0 |     78 |   1 |   92.0 |
    Desolation |   2659 |   2659 |      0 |   1087 |    164 |   1 | 2659.0 |
               +--------+--------+--------+--------+--------+-----+--------+

Top non-repeatable levels by time:
Depths:3: 6301 daAuts
Depths:2: 5512 daAuts
 Swamp:1: 4811 daAuts
Depths:4: 4716 daAuts
Vaults:2: 3977 daAuts
  Lair:1: 3883 daAuts
  Lair:5: 3806 daAuts
Vaults:3: 3790 daAuts
Depths:1: 3728 daAuts
 Swamp:2: 3526 daAuts
   Elf:2: 3236 daAuts
Vaults:1: 3174 daAuts
   Zot:3: 3118 daAuts
 Snake:4: 3099 daAuts
    D:15: 2943 daAuts

Table legend:
 A = Non-vault XP
 B = Vault XP
 C = Vault XP percentage of total XP
 D = Non-vault monster count
 E = Vault monster count
 F = Vault count percentage of total count
                 A         B        C        D         E       F
            +---------+---------+-------+---------+---------+-------
      Total |  775896 |  689606 |  47.1 |    1404 |     964 |  40.7
            +---------+---------+-------+---------+---------+-------
        D:1 |      32 |       5 |  13.5 |      16 |       3 |  15.8
        D:2 |     103 |       0 |   0.0 |      24 |       0 |   0.0
        D:3 |      44 |       0 |   0.0 |      17 |       0 |   0.0
        D:4 |     209 |     217 |  50.9 |      13 |       2 |  13.3
        D:5 |     579 |       0 |   0.0 |      11 |       0 |   0.0
        D:6 |     822 |       0 |   0.0 |      14 |       0 |   0.0
        D:7 |     796 |    1155 |  59.2 |      14 |      11 |  44.0
        D:8 |    2406 |       0 |   0.0 |      20 |       0 |   0.0
        D:9 |    1775 |       0 |   0.0 |      25 |       0 |   0.0
       D:10 |    4951 |    1374 |  21.7 |      42 |      17 |  28.8
       D:11 |    5088 |     802 |  13.6 |      27 |       1 |   3.6
       D:12 |    5699 |     643 |  10.1 |      16 |       1 |   5.9
       D:13 |   12959 |   12119 |  48.3 |      30 |      20 |  40.0
       D:14 |    2799 |     939 |  25.1 |       8 |       1 |  11.1
       D:15 |    5680 |    9225 |  61.9 |       9 |      19 |  67.9
     Lair:1 |    6285 |    7489 |  54.4 |      22 |      12 |  35.3
     Lair:2 |    5403 |     641 |  10.6 |      21 |       4 |  16.0
     Lair:3 |    5958 |       0 |   0.0 |      20 |       0 |   0.0
     Lair:4 |    5834 |    2104 |  26.5 |      16 |       6 |  27.3
     Lair:5 |   16955 |   11285 |  40.0 |      47 |      46 |  49.5
    Swamp:1 |   18753 |   13895 |  42.6 |      36 |      21 |  36.8
    Swamp:2 |   19537 |    6677 |  25.5 |      35 |       6 |  14.6
    Swamp:3 |   12574 |   15329 |  54.9 |      26 |      18 |  40.9
    Swamp:4 |   11217 |   16149 |  59.0 |      19 |      27 |  58.7
    Snake:1 |    9496 |    2166 |  18.6 |      23 |       5 |  17.9
    Snake:2 |   19081 |    1195 |   5.9 |      41 |       1 |   2.4
    Snake:3 |   12609 |    4572 |  26.6 |      23 |       7 |  23.3
    Snake:4 |   18891 |   21963 |  53.8 |      35 |      34 |  49.3
    Slime:1 |   10413 |       0 |   0.0 |      27 |       0 |   0.0
    Slime:2 |   15319 |    1052 |   6.4 |      32 |       3 |   8.6
    Slime:3 |   17256 |       0 |   0.0 |      36 |       0 |   0.0
    Slime:4 |   10239 |    2598 |  20.2 |      21 |       3 |  12.5
    Slime:5 |   10300 |   17744 |  63.3 |      11 |      15 |  57.7
      Orc:1 |    2190 |       0 |   0.0 |      30 |       0 |   0.0
      Orc:2 |    3307 |    5338 |  61.7 |      27 |      60 |  69.0
      Elf:1 |   11191 |    6308 |  36.0 |      17 |      10 |  37.0
      Elf:2 |   12181 |   14235 |  53.9 |      21 |      20 |  48.8
      Elf:3 |   15204 |   25384 |  62.5 |      24 |      22 |  47.8
   Vaults:1 |   27255 |   28657 |  51.3 |      39 |      37 |  48.7
   Vaults:2 |   21825 |   48975 |  69.2 |      36 |      64 |  64.0
   Vaults:3 |   26798 |   34633 |  56.4 |      41 |      43 |  51.2
   Vaults:4 |   21240 |   29092 |  57.8 |      35 |      34 |  49.3
   Depths:1 |   16818 |   12346 |  42.3 |      21 |      17 |  44.7
   Depths:2 |   42215 |   42258 |  50.0 |      55 |      60 |  52.2
   Depths:3 |   38063 |   48411 |  56.0 |      40 |      65 |  61.9
   Depths:4 |   28280 |   29015 |  50.6 |      36 |      45 |  55.6
       Hell |    9611 |   17213 |  64.2 |      11 |      16 |  59.3
      Zot:1 |   56414 |   14154 |  20.1 |      48 |       9 |  15.8
      Zot:2 |   50403 |    2852 |   5.4 |      45 |       2 |   4.3
      Zot:3 |   59228 |   14179 |  19.3 |      48 |      16 |  25.0
      Zot:4 |   25470 |   28182 |  52.5 |      22 |      27 |  55.1
      Zot:5 |   35200 |   83651 |  70.4 |      26 |      36 |  58.1
    Abyss:2 |    2941 |    2985 |  50.4 |       5 |       4 |  44.4
 Desolation |       0 |   50400 | 100.0 |       0 |      94 | 100.0
            +---------+---------+-------+---------+---------+-------
